 Dungeon Crawl Stone Soup version 0.31-a0-217-g58bb5d7 (webtiles) character file.

Game seed: 6949567355886721932

15220006 hatwer the Intangible (level 27, 273/273 HPs)
             Began as a Gnoll Air Elementalist on July 2, 2023.
             Was the Champion of Ashenzari.
             Escaped with the Orb
             ... and 15 runes!
             The game lasted 06:45:16 (103698 turns).

hatwer the Intangible (Gnoll Air Elementalist)    Turns: 103698, Time: 06:45:17

Health: 273/273    AC: 25    Str:  4 (6)  XL:     27
Magic:  54/54      EV: 38    Int: 35      God:    Ashenzari [******]
Gold:   11805      SH: 26    Dex: 29      Spells: 1/80 levels left

rFire   + + +        M - staff of Desmomancy (curse) {Contam rPois rC+ rCorr Dex+9 Ice, Comp, Alch} (curse)
rCold   + . .        O - +5 Storm Queen's Shield {shock, Fly rElec, Elem, Self} (curse)
rNeg    + . .        X - +4 troll leather armour "I Foresaw This" {Regen+, Fort, Self} (curse)
rPois   +            u - +2 hat "Oscillating Fan" {rF+ Regen+ Stlth+, Self, Bglg} (curse)
rElec   +            W - +2 cloak of Curses and Power {Will+, Elem, Melee} (curse)
rCorr   +            n - +0 pair of gloves "Enigmatic Hedonism" {Melee, Evo} (curse)
SInv    +            A - +2 pair of boots "I Foresaw This" {rampage, Comp, Self} (curse)
Will    +++..        s - amulet of Ashenzari's Jealousy {RegenMP Int+4, Melee, Self} (curse)
Stlth   ++++         L - ring "Shattered Together" {rElec rN+ Int+2 Dex+6, Self, Cun} (curse)
HPRegen 2.25/turn    r - ring of Ashenzari's the Ego {rPois rF++ rCorr Str-3 Int+3, Alch, Elem} (curse)
MPRegen 0.74/turn

%: clarity, rampage
@: flying, studying 5 skills
A: fangs 1, strong nose, distributed training, robust 1, wild magic 1, noise
suppression
0: Orb of Zot
}: 15/15 runes: barnacled, slimy, silver, golden, iron, obsidian, icy, bone,
abyssal, demonic, glowing, magical, fiery, dark, gossamer
a: Renounce Religion, Shatter the Chains


You escaped.
You worshipped Ashenzari.
Ashenzari was exalted by your worship.
You visited 18 branches of the dungeon, and saw 88 of its levels.
You visited Pandemonium 1 time, and saw 21 of its levels.
You visited the Abyss 1 time.
You visited 1 ziggurat, and saw 22 of its levels.
You also visited: Bailey, Ice Cave and Wizlab.

You collected 18287 gold pieces.
You spent 6482 gold pieces at shops.

Inventory:

Armour
 n - the cursed +0 pair of gloves "Enigmatic Hedonism" (worn) {Melee, Evo}
   (You found it on level 7 of the Dungeon)

   It has a curse which improves the following skills: Melee Combat: Short
   Blades, Long Blades, Axes, Maces & Flails, Polearms, Staves and Unarmed
   Combat.
   Evocations: Evocations.
 u - the cursed +2 hat "Oscillating Fan" (worn) {rF+ Regen+ Stlth+, Self, Bglg}
   (You acquired it in a wizard's laboratory)

   rF:        It protects you from fire.
   Regen:     It increases your rate of health regeneration.
   Stlth:     It makes you more stealthy.
   It has a curse which improves the following skills: Introspection: Fighting
   and Spellcasting.
   Beguiling: Conjurations, Hexes and Translocations.
 z - a +2 cloak of willpower
 A - the cursed +2 pair of boots "I Foresaw This" (worn) {rampage, Comp, Self}
   (You bought it in a shop on level 2 of the Orcish Mines)

   It has a curse which improves the following skills: Companions: Summonings
   and Necromancy.
   Introspection: Fighting and Spellcasting.
 O - the cursed +5 Storm Queen's Shield (worn) {shock, Fly rElec, Elem, Self}
   (You found it on level 18 of a ziggurat)

   Shock:     When it blocks an attack, it may electrocute the attacker.
   This works even against foes who are a short distance away.
   rElec:     It insulates you from electricity.
   Fly:       It grants you flight.
   It has a curse which improves the following skills: Elements: Fire Magic, Ice
   Magic, Air Magic and Earth Magic.
   Introspection: Fighting and Spellcasting.
 W - the cursed +2 cloak of Curses and Power (worn) {Will+, Elem, Melee}
   (You found it on level 4 of the Depths)

   It has a curse which improves the following skills: Elements: Fire Magic, Ice
   Magic, Air Magic and Earth Magic.
   Melee Combat: Short Blades, Long Blades, Axes, Maces & Flails, Polearms,
   Staves and Unarmed Combat.
 X - the cursed +4 troll leather armour "I Foresaw This" (worn) {Regen+, Fort, Self}
   (You found it on level 1 of the Orcish Mines)

   Regen:     It increases your rate of health regeneration.
   It has a curse which improves the following skills: Fortitude: Armour and
   Shields.
   Introspection: Fighting and Spellcasting.
Magical Staves
 M - the cursed staff of Desmomancy (weapon) {Contam rPois rC+ rCorr Dex+9 Ice, Comp, Alch}
   (You found it in a bailey)

   [staff of cold]

   Base accuracy: +5 Base damage: 5 Base attack delay: 1.2 This weapon's minimum
   attack delay (0.6) is reached at skill level 12.
   Dex:       It affects your dexterity (+9).
   rC:        It protects you from cold.
   rPois:     It protects you from poison.
   Contam:    It causes magical contamination when unequipped.
   rCorr:     It protects you from acid and corrosion.
   Ice:       It increases the power of your Ice spells.
   It falls into the 'Staves' category.
   It is a one-handed weapon.
   It has a curse which improves the following skills: Companions: Summonings
   and Necromancy.
   Alchemy:   Poison Magic and Transmutations.
Jewellery
 c - the ring "Comik" {Contam rF+++ rC++ rCorr SInv}
   (You found it on level 2 of a ziggurat)

   [ring of resist corrosion]

   rF:        It renders you almost immune to fire.
   rC:        It greatly protects you from cold.
   SInv:      It lets you see invisible.
   Contam:    It causes magical contamination when unequipped.
   rCorr:     It protects you from acid and corrosion.
 p - the ring "Vofif" {Ice rN++ Will+ Str-5}
   (You took it off Josephina on level 2 of the Crypt)

   [ring of ice]

   It enhances your ice magic.
   Str:       It affects your strength (-5).
   rF:        It makes you vulnerable to fire.
   rC:        It protects you from cold.
   rN:        It greatly protects you from negative energy.
   Will:      It increases your willpower.
 r - the cursed ring of Ashenzari's the Ego (right hand) {rPois rF++ rCorr Str-3 Int+3, Alch, Elem}
   (You took it off a deep elf annihilator on level 3 of the Elven Halls)

   [ring of resist corrosion]

   Str:       It affects your strength (-3).
   Int:       It affects your intelligence (+3).
   rF:        It greatly protects you from fire.
   rPois:     It protects you from poison.
   rCorr:     It protects you from acid and corrosion.
   It has a curse which improves the following skills: Alchemy: Poison Magic and
   Transmutations.
   Elements:  Fire Magic, Ice Magic, Air Magic and Earth Magic.
 s - the cursed amulet of Ashenzari's Jealousy (around neck) {RegenMP Int+4, Melee, Self}
   (You bought it in a shop on level 7 of the Dungeon)

   [amulet of magic regeneration]

   It increases your rate of magic regeneration.
   Int:       It affects your intelligence (+4).
   It has a curse which improves the following skills: Melee Combat: Short
   Blades, Long Blades, Axes, Maces & Flails, Polearms, Staves and Unarmed
   Combat.
   Introspection: Fighting and Spellcasting.
 L - the cursed ring "Shattered Together" (left hand) {rElec rN+ Int+2 Dex+6, Self, Cun}
   (You found it on level 19 of a ziggurat)

   [ring of dexterity]

   Int:       It affects your intelligence (+2).
   Dex:       It affects your dexterity (+6).
   rElec:     It insulates you from electricity.
   rN:        It protects you from negative energy.
   It has a curse which improves the following skills: Introspection: Fighting
   and Spellcasting.
   Cunning:   Dodging and Stealth.
Wands
 f - a wand of digging (40)
 h - a wand of mindburst (62)
 l - a wand of flame (259)
 R - a wand of roots (148)
 V - a wand of light (95)
Scrolls
 e - 21 scrolls of fear
 g - 10 scrolls of revelation
 i - 27 scrolls of fog
 j - 5 scrolls of butterflies
 k - 14 scrolls of poison
 q - 55 scrolls of teleportation
 t - 7 scrolls of silence
 v - 11 scrolls of amnesia
 y - 21 scrolls of blinking
 C - 19 scrolls of enchant weapon
 E - 4 scrolls of torment
 I - 11 scrolls of enchant armour
 Q - 13 scrolls of immolation
 Y - 9 scrolls of brand weapon
Potions
 b - 7 potions of magic
 d - 14 potions of heal wounds
 m - 18 potions of cancellation
 o - 5 potions of resistance
 w - 2 potions of invisibility
 x - 5 potions of haste
 B - 30 potions of curing
 D - 10 potions of ambrosia
 G - 9 potions of brilliance
 H - 12 potions of might
 J - 16 potions of lignification
 N - 12 potions of mutation
 P - 13 potions of enlightenment
 Z - 4 potions of berserk rage
Miscellaneous
 a - the horn of Geryon
 F - a figurine of a ziggurat
 T - a phial of floods


   Skills:
 O Level 27 Fighting
 O Level 27 Short Blades
 O Level 27 Long Blades
 O Level 27 Axes
 O Level 27 Maces & Flails
 O Level 27 Polearms
 O Level 27 Staves
 O Level 27 Ranged Weapons
 O Level 27 Throwing
 O Level 27 Armour
 O Level 27 Dodging
 O Level 27 Stealth
 O Level 27 Shields
 O Level 27 Unarmed Combat
 O Level 27 Spellcasting
 + Level 26.1(27) Conjurations
 + Level 26.0(27) Hexes
 + Level 26.0(27) Summonings
 O Level 27 Necromancy
 + Level 26.0(27) Translocations
 + Level 26.0(27) Transmutations
 + Level 26.0(27) Fire Magic
 + Level 26.0(27) Ice Magic
 + Level 26.4(27) Air Magic
 + Level 26.0(27) Earth Magic
 + Level 26.0(27) Poison Magic
 O Level 27 Invocations
 O Level 27 Evocations


You had one spell level left.
You knew the following spells:

 Your Spells              Type           Power      Damage    Failure   Level
a - Shatter               Erth           70%        3d52*     1%          9
b - Ozocubu's Armour      Ice            100%       N/A       1%          3
d - Lehudib's Crystal Sp  Conj/Erth      70%        10d16     1%          8
e - Sublimation of Blood  Necr           100%       N/A       1%          2
f - Ignition              Fire           70%        3d19      1%          8
g - Blink                 Tloc           100%       N/A       1%          2
h - Orb of Destruction    Conj           70%        9d16      1%          7
i - Necromutation         Tmut/Necr      70%        N/A       1%          8
j - Borgnjor's Vile Clut  Necr/Erth      70%        N/A       1%          5
k - Dispel Undead         Necr           100%       3d31      1%          4
l - Ozocubu's Refrigerat  Ice            83%        4d26      1%          7
m - Spellforged Servitor  Conj/Summ      70%        N/A       1%          7
n - Polar Vortex          Ice            83%        N/A       1%          9

Your spell library contained the following spells:

 Spells                   Type           Power      Damage    Failure   Level
 Apportation              Tloc           100%       N/A       1%          1
 Beastly Appendage        Tmut           100%       N/A       1%          1
 Foxfire                  Conj/Fire      100%       2x1d9     1%          1
 Freeze                   Ice            100%       1d10      1%          1
 Kiss of Death            Conj/Necr      100%       2d13      1%          1
 Necrotise                Necr           100%       1d9       1%          1
 Sandblast                Erth           100%       2d20      1%          1
 Shock                    Conj/Air       100%       1d9       1%          1
 Slow                     Hex            100%       N/A       1%          1
 Sting                    Tmut/Pois      100%       1d8       1%          1
 Cigotuvi's Dreadful Rot  Necr/Pois/Air  100%       N/A       1%          2
 Ensorcelled Hibernation  Hex/Ice        100%       N/A       1%          2
 Lesser Beckoning         Tloc           100%       N/A       1%          2
 Momentum Strike          Conj/Tloc      100%       3d10      1%          2
 Passwall                 Tmut/Erth      100%       N/A       1%          2
 Poisonous Vapours        Pois/Air       100%       N/A       1%          2
 Scorch                   Fire           100%       2d9       1%          2
 Searing Ray              Conj           100%       2d8       1%          2
 Static Discharge         Conj/Air       100%       2-7/arc   1%          2
 Wereblood                Tmut           100%       N/A       1%          2
 Call Canine Familiar     Summ           100%       N/A       1%          3
 Confusing Touch          Hex            100%       N/A       1%          3
 Dazzling Flash           Conj/Hex       100%       N/A       1%          3
 Frozen Ramparts          Ice            100%       1d16      1%          3
 Gell's Gravitas          Tloc           100%       N/A       1%          3
 Hailstorm                Conj/Ice       100%       3d20      1%          3
 Ignite Poison            Fire/Tmut/Pois 100%       N/A       1%          3
 Inner Flame              Hex/Fire       100%       N/A       1%          3
 Mephitic Cloud           Conj/Pois/Air  100%       N/A       1%          3
 Portal Projectile        Hex/Tloc       100%       N/A       1%          3
 Spider Form              Tmut/Pois      100%       N/A       1%          3
 Stone Arrow              Conj/Erth      100%       3d13      1%          3
 Summon Guardian Golem    Hex/Summ       100%       N/A       1%          3
 Swiftness                Air            100%       N/A       1%          3
 Teleport Other           Tloc           100%       N/A       1%          3
 Tukima's Dance           Hex            100%       N/A       1%          3
 Vampiric Draining        Necr           100%       2d13      1%          3
 Vhi's Electric Charge    Tloc/Air       100%       N/A       1%          3
 Volatile Blastmotes      Fire/Tloc      100%       2d18      1%          3
 Airstrike                Air            70%        2d(11-27) 1%          4
 Anguish                  Hex/Necr       70%        N/A       1%          4
 Animate Armour           Summ/Erth      100%       N/A       1%          4
 Animate Dead             Necr           100%       N/A       1%          4
 Cause Fear               Hex            70%        N/A       1%          4
 Flame Wave               Conj/Fire      100%       2d21      1%          4
 Fulminant Prism          Conj/Hex       70%        3d29      1%          4
 Ice Form                 Ice/Tmut       100%       N/A       1%          4
 Iskenderun's Mystic Bla  Conj/Tloc      100%       2d19      1%          4
 Leda's Liquefaction      Hex/Erth       70%        N/A       1%          4
 Manifold Assault         Tloc           100%       N/A       1%          4
 Olgreb's Toxic Radiance  Pois           100%       N/A       1%          4
 Petrify                  Tmut/Erth      100%       N/A       1%          4
 Sticky Flame             Conj/Fire      100%       2d11      1%          4
 Summon Ice Beast         Ice/Summ       100%       N/A       1%          4
 Agony                    Necr           100%       N/A       1%          5
 Alistair's Intoxication  Tmut/Pois      94%        N/A       1%          5
 Arcjolt                  Conj/Air       70%        1d80      1%          5
 Blade Hands              Tmut           70%        N/A       1%          5
 Fireball                 Conj/Fire      70%        3d26      1%          5
 Freezing Cloud           Conj/Ice/Air   83%        6-21      1%          5
 Irradiate                Conj/Tmut      70%        3d35      1%          5
 Iskenderun's Battlesphe  Conj           100%       2d15      1%          5
 Lee's Rapid Deconstruct  Erth           70%        3d32*     1%          5
 Metabolic Englaciation   Hex/Ice        83%        N/A       1%          5
 Silence                  Hex/Air        70%        N/A       1%          5
 Summon Forest            Summ/Tloc      70%        N/A       1%          5
 Summon Mana Viper        Hex/Summ       100%       N/A       1%          5
 Yara's Violent Unravell  Hex/Tmut       70%        3d26      1%          5
 Conjure Ball Lightning   Conj/Air       70%        3x3d26    1%          6
 Death Channel            Necr           70%        N/A       1%          6
 Dispersal                Tloc           70%        N/A       1%          6
 Leda's Unmaking          Conj/Erth      70%        9d11      1%          6
 Plasma Beam              Fire/Air       70%        2x1d87    1%          6
 Simulacrum               Ice/Necr       83%        N/A       1%          6
 Starburst                Conj/Fire      70%        6d18      1%          6
 Statue Form              Tmut/Erth      94%        N/A       1%          6
 Summon Cactus Giant      Summ           70%        N/A       1%          6
 Dragon Form              Tmut           70%        N/A       1%          7
 Enfeeble                 Hex            70%        N/A       1%          7
 Haunt                    Necr/Summ      70%        N/A       1%          7
 Malign Gateway           Summ/Tloc      70%        N/A       1%          7
 Storm Form               Tmut/Air       70%        N/A       1%          7
 Summon Hydra             Summ           70%        N/A       1%          7
 Borgnjor's Revivificati  Necr           70%        N/A       1%          8
 Discord                  Hex            70%        N/A       1%          8
 Disjunction              Tloc           70%        N/A       1%          8
 Infestation              Necr           70%        N/A       1%          8
 Maxwell's Capacitive Co  Air            70%        ∞         1%          8
 Chain Lightning          Conj/Air       70%        3d94      1%          9
 Death's Door             Necr           70%        N/A       1%          9
 Dragon's Call            Summ           70%        N/A       1%          9
 Fire Storm               Conj/Fire      70%        8d18      1%          9


Dungeon Overview and Level Annotations

Branches:
Dungeon (15/15)            Temple (1/1) D:4            Lair (5/5) D:8
 Shoals (4/4) Lair:3       Spider (4/4) Lair:3        Slime (5/5) Lair:5
    Orc (2/2) D:12            Elf (3/3) Orc:2        Vaults (5/5) D:14
  Crypt (3/3) Vaults:3       Tomb (3/3) Crypt:3      Depths (4/4) D:15
   Hell (visited)             Dis (7/7) Hell            Geh (7/7) Hell
    Coc (7/7) Hell            Tar (7/7) Hell            Zot (5/5) Depths:4
 Bailey (visited)           IceCv (visited)          WizLab (visited)

Altars:
Ashenzari
Cheibriados
Dithmenos
Elyvilon
Fedhas
Gozag
Hepliaklqana
Kikubaaqudgha
Makhleb
Nemelex Xobeh
Okawaru
Qazlal
Ru
Sif Muna
Trog
Uskayaw
Vehumet
Wu Jian
Xom
Yredelemnul
Zin
The Shining One
Jiyva
Lugonu

Shops:
D:3 [   D:4 *   D:7 !=?::   D:12 ((::(   Orc:2 (([[[   Elf:2 [   Elf:3 [
Shoals:1 :   Vaults:1 (   Vaults:2 *:=((   Depths:3 :=:

Portals:
Hell: Depths:1 Depths:2 Depths:3 Depths:4
Abyss: Depths:3
Pandemonium: Depths:2

Annotations:
D:8 3 runed translucent doors, Decysan's ghost, novice GnHs
Orc:1 1 runed translucent door, exclusion: 4 orange crystal statues
Crypt:2 2 transporters, exclusion: obsidian statue


Innate Abilities, Weirdness & Mutations

You have very sharp teeth.
Your uncanny sense of smell can sniff out nearby items.
Your experience applies equally to all skills.
You are robust. (+10% HP)
Your spells are a little harder to cast, but a little more powerful.
You passively dampen the noise of your surroundings.


Message History

(V) Vaults (C) Crypt (W) Tomb (U) Depths (H) Hell (I) Dis (G) Gehenna (X) Cocytus (Y) Tartarus (Z) Zot
Where to? (Enter - D:1, ? - help)
There is a stone staircase leading up here.
You fly upwards.
There is a stone staircase leading down here.
There is a stone staircase leading up here.
You fly upwards.
There is a stone staircase leading down here.
There is an open door here.
There is a stone staircase leading up, spattered with blood here.
You fly upwards.
Level annotation: 3 runed translucent doors, Decysan's ghost, novice GnHs
There is a stone staircase leading down, spattered with blood here.
There is a stone staircase leading up here.
You fly upwards.
There is a stone staircase leading down here.
There is a stone staircase leading up here.
You fly upwards.
There is a stone staircase leading down here.
There is a stone staircase leading up here.
You fly upwards.
There is a stone staircase leading down here.
There is a stone staircase leading up here.
You fly upwards.
There is a stone staircase leading down here.
There is an open door here.
There is an escape hatch in the ceiling here.
A mysterious force pulls you upwards. The hatch slams shut behind you.
There is a stone staircase leading up here.
You fly upwards.
There is a stone staircase leading down here.
There is a stone staircase leading up here.
You fly upwards.
There is a stone staircase leading down here.
Unknown command.
You sense a monster nearby.
There is a staircase leading out of the dungeon here.
You have escaped!

#........###.#.# #...##......
#..###.### ###.# ###.##......
#..###...# #.## #.##......
#......### ##.# ####......
#....#.# #.## #...... ##.#...#
##.###########...... #.....#
#.###.#.#........... #####.#
##.#.#.#.##.......##
######'#########@#######.......#
..........#.#.#.#.## #.......#
........#..#.#.###.# #.......#
........#########.## #.......#
#####...## ##.# #.......# #....#
#(## #......[# #.(..###### ##.#
######### #.........## #.#
#...#####..###.## ##


There were no monsters in sight!

Vanquished Creatures
  Cerebov (Pan)
  Asmodeus (Geh:7)
  Antaeus (Coc:7)
  the Royal Jelly (Slime:5)
  Ereshkigal (Tar:7)
  Gloorx Vloq (Pan)
  the Serpent of Hell (Tar:7)
  Lom Lobon (Pan)
  Mnoleg (Pan)
  Dispater (Dis:7)
  11 ancient liches
  10 dread liches
  6 orbs of fire
  Mennas (Pan)
  8 juggernauts
  12 pandemonium lords (Pan)
  23 royal mummies
  Boris (Crypt:2)
  2 Killer Klowns
  16 shard shrikes
  15 caustic shrikes
  Geryon (Hell)
  13 golden dragons
  Jory (Vaults:2)
  17 profane servitors
  40 bone dragons
  An electric golem (Zot:5)
  18 doom hounds
  17 Tzitzimimeh
  A pearl dragon (Zig:3)
  18 Brimstone Fiends
  12 iron giants
  20 hellephants
  20 Orb Guardians (Zot:5)
  Jorgrun (D:12)
  Rupert (D:15)
  22 tentacled monstrosities
  20 tainted leviathans
  A walking crystal tome (Depths:2)
  3 deep elf blademasters
  31 Hell Sentinels
  16 liches
  26 Ice Fiends
  21 titans
  3 deep elf master archers
  Asterion (Depths:2)
  2 quicksilver dragons (Depths:2)
  An eldritch tentacle (Pan)
  31 searing wretches
  16 acid blobs
  Gastronok (Lair:3)
  22 Executioners (Pan)
  11 death cobs
  9 sphinxes
  45 ancient champions
  10 tentacled starspawn
  2 walking divine tomes (Depths:2)
  A thorn hunter (Abyss:3)
  Kirke (Elf:1)
  7 shadow dragons
  13 tengu reavers
  10 rockslimes
  7 draconian monks
  8 azure jellies
  Donald (Vaults:1)
  10 revenants
  6 narguns
  30 fire giants
  11 storm dragons
  9 nagarajas
  A daeva (Abyss:3)
  The ghost of cowcow the Nimble, an adept DsCj of Gozag (Shoals:3)
  A fenstrider witch (Zig:17)
  9 deep elf sorcerers
  12 demonspawn warmongers (Pan)
  15 quicksilver elementals
  19 frost giants
  5 draconian knights
  55 balrugs
  2 spectral juggernauts (Tar:6)
  6 emperor scorpions
  14 vault wardens
  6 iron dragons
  18 ghost moths
  8 curse skulls
  Louise (Spider:4)
  3 deep elf elementalists (Elf:3)
  A caustic shrike zombie (Crypt:1)
  4 draconian stormcallers
  11 ghouls
  6 spectral caustic shrikes
  12 orc warlords
  9 draconian annihilators
  11 draconian scorchers
  An angel (Zig:3)
  17 ironbound preservers
  13 shard shrike simulacra
  2 caustic shrike skeletons
  A formless jellyfish (shapeshifter) (Depths:2)
  10 draconian shifters
  21 cacodemons (Pan)
  10 demonspawn blood saints (Pan)
  30 war gargoyles
  17 demonspawn corrupters
  2 juggernaut skeletons (Pan)
  12 quicksilver oozes
  25 very ugly things
  9 formless jellyfish
  A spriggan defender (Depths:2)
  4 broodmothers
  25 reapers
  23 elemental wellsprings
  24 stone giants
  22 putrid mouths
  13 demonspawn black suns (Pan)
  10 deep elf demonologists
  7 green draconians
  11 vampire knights
  16 lorocyprocas
  9 black draconians
  The ghost of lyrin the Crack Shot, a journeyman DEHu of Fedhas (D:14)
  8 ironbound thunderhulks
  15 white draconians
  2 bunyips (Zig:17)
  11 purple draconians
  6 bennus (Tomb:3)
  3 eleionomae
  5 dire elephants
  14 wendigos
  4 red draconians
  22 eidola
  3 spectral titans
  12 yellow draconians
  14 deep elf annihilators
  13 spark wasps
  Snorg (D:11)
  19 ettins
  15 iron golems
  16 deep elf death magi
  A quicksilver dragon zombie (Hell)
  2 spectral quicksilver dragons
  10 fire dragons
  18 jiangshi
  11 merfolk impalers
  14 green deaths
  3 crystal guardians (Dis:6)
  23 mummy priests
  4 entropy weavers
  27 blizzard demons (Pan)
  A spectral iron giant (Tar:6)
  5 deep elf high priests
  A spectral spriggan (Tar:6)
  9 great orbs of eyes
  14 yaktaur captains
  4 merfolk javelineers
  21 ice dragons
  A spriggan zombie (Tomb:1)
  35 vault guards
  4 shambling mangroves
  26 salamander tyrants
  16 caustic shrike simulacra
  11 rakshasas
  Harold (D:8)
  A radroach (shapeshifter) (Depths:2)
  9 juggernaut simulacra
  3 anacondas
  13 hydras
  6 jorogumos
  2 ogre magi
  2 peacekeepers
  The ghost of Dega the Unseen, a journeyman SpHu (Lair:1)
  An Orb Guardian zombie (Crypt:1)
  5 spriggan skeletons
  8 centaur warriors
  7 ironbound frosthearts
  6 spriggan air magi
  5 hell beasts
  6 alligator snapping turtles
  13 stokers
  A merfolk avatar (Shoals:3)
  9 boulder beetles
  A demonspawn (Pan)
  10 death knights
  29 dancing weapons
  A radroach (Spider:4)
  9 tengu warriors
  13 two-headed ogres
  5 merfolk aquamancers (Shoals:4)
  4 alligators
  21 demonic crawlers
  2 naga warriors (Zig:8)
  62 death scarabs
  2 death yaks (Lair:4)
  7 deep troll shamans
  4 satyrs
  10 thrashing horrors
  10 deep troll earth magi
  57 hell hogs
  13 vampire magi
  A shock serpent (Zig:13)
  6 naga sharpshooters
  3 storm dragon zombies
  5 spectral nagas
  14 hell knights
  13 spriggan berserkers
  8 orc high priests
  52 soul eaters
  13 wretched stars
  10 deep elf knights
  5 spriggans
  82 sun demons
  A shock serpent (shapeshifter) (Vaults:5)
  10 crystal echidnas
  A spectral dire elephant (Crypt:3)
  7 skysharks
  Urug (Lair:1)
  7 iron trolls
  7 pharaoh ants
  11 sixfirhies (Pan)
  Lodul (D:12)
  43 skeletal warriors
  A titan skeleton (Pan)
  31 shadow wraiths
  A spark wasp zombie (Crypt:2)
  A death drake (shapeshifter) (Depths:4)
  2 golden dragon zombies
  A skyshark (shapeshifter) (Depths:1)
  A death drake (Zig:17)
  3 sun moths
  A storm dragon skeleton (Crypt:1)
  7 sea snakes
  7 quicksilver dragon simulacra
  3 spatial maelstroms
  8 swamp dragons
  3 orb spiders
  5 spriggan druids
  A sea snake (shapeshifter) (D:15)
  16 shadow demons (Pan)
  A swamp dragon (shapeshifter) (Zig:5)
  An anaconda zombie (Tomb:2)
  2 cherubim
  3 goliath frogs
  10 glowing orange brains
  A glowing orange brain (shapeshifter) (Vaults:5)
  7 deep elf archers
  A shadow dragon zombie (Hell)
  7 flayed ghosts
  52 deep trolls
  A tengu zombie (Hell)
  A spectral iron dragon (Tar:2)
  19 ironbound convokers
  16 harpies
  3 steelbarb worms
  5 bog bodies
  12 phantasmal warriors
  15 necromancers
  A fenstrider witch simulacrum (Coc:1)
  7 lindwurms
  9 orc knights
  20 wizards
  21 deep elf zephyrmancers
  11 starcursed masses
  A mana viper (shapeshifter) (Depths:2)
  15 deep elf pyromancers
  3 anaconda skeletons
  9 wolf spider zombies (Spider:2)
  19 shining eyes
  17 manticores
  18 wolf spiders
  3 spectral ettins
  A glowing shapeshifter (Zig:5)
  A fire giant zombie (D:15)
  9 orc sorcerers
  33 ugly things
  A salamander (Zig:13)
  12 fauns
  An iron dragon zombie (Depths:3)
  A mana viper (Zig:8)
  8 worldbinders
  4 stone giant zombies
  An eleionoma zombie (Crypt:2)
  27 moths of wrath
  13 cyclopes
  2 fire giant skeletons
  A moth of wrath (shapeshifter) (Zig:18)
  8 rust devils
  4 will-o-the-wisps
  An iron dragon skeleton (Crypt:1)
  12 black mambas
  10 elephants (Lair:4)
  5 merfolk sirens
  11 vault sentinels
  Joseph (Lair:1)
  7 ice statues
  6 apocalypse crabs
  8 water nymphs
  4 titan simulacra
  7 eyes of devastation
  2 guardian serpents
  5 naga magi
  25 orange demons
  58 large abominations
  A vine stalker (Pan)
  62 smoke demons
  A gargoyle (D:12)
  8 molten gargoyles (Geh:7)
  5 rime drakes
  Maggie (Lair:1)
  20 cane toads
  30 hellions
  A storm dragon simulacrum (Coc:1)
  A sea snake zombie (Hell)
  A catoblepas zombie (Crypt:1)
  A pale draconian zombie (Crypt:2)
  19 freezing wraiths
  4 unseen horrors
  5 redback zombies (Spider:2)
  15 ice devils
  22 yaktaurs
  5 tengu conjurers
  9 komodo dragons
  A bunyip simulacrum (Coc:1)
  9 ancient zymes
  18 spectral harpies
  6 efreet
  A kobold demonologist (D:11)
  26 tormentors
  A komodo dragon (shapeshifter) (D:13)
  5 anaconda simulacra
  2 elves (Pan)
  13 trolls
  A sea snake skeleton (Hell)
  3 iron giant simulacra
  7 meliai
  2 hydra zombies (Hell)
  A golden dragon simulacrum (Coc:2)
  44 guardian mummies
  7 red devils
  A queen bee (Lair:1)
  A meliai (shapeshifter) (D:15)
  3 polar bears
  7 tyrant leeches
  17 merfolk
  18 wind drakes
  19 hellwings (Pan)
  A shadow dragon simulacrum (Crypt:2)
  A harpy zombie (Tomb:3)
  4 culicivora zombies (Spider:2)
  A hydra skeleton (Hell)
  11 raiju
  A harpy skeleton (Tomb:2)
  A bloated husk (Zig:17)
  40 tarantellas
  13 hornets
  19 blink frogs
  2 alligator zombies (Hell)
  6 snapping turtles
  7 dream sheep
  6 tarantella zombies (Spider:2)
  117 slime creatures
  81 flying skulls
  4 stone giant simulacra
  An ettin zombie (Crypt:1)
  A dream sheep (shapeshifter) (Zig:5)
  12 air elementals
  3 iron dragon simulacra
  33 ynoxinuls
  2 centaur simulacra
  3 ettin skeletons
  23 water elementals
  18 ushabtiu
  36 jumping spiders
  7 dire elephant simulacra
  27 culicivoras
  An alligator snapping turtle simulacrum (Coc:1)
  A vampire (Crypt:1)
  4 wyverns
  20 shadows
  13 wraiths
  3 fire elementals
  A black mamba skeleton (Crypt:1)
  66 yaks
  Grum (D:11)
  A minotaur simulacrum (Crypt:1)
  10 small abominations
  A basilisk (shapeshifter) (Zig:11)
  7 basilisks
  15 golden eyes
  42 chaos spawn
  39 neqoxecs
  A steam dragon (D:8)
  A death yak simulacrum (IceCv)
  42 redbacks
  3 spatial vortices (Abyss:3)
  A human zombie (D:15)
  19 vampire mosquitoes
  4 wargs
  A demigod (Pan)
  A glowing shapeshifter zombie (Hell)
  4 nagas
  17 harpy simulacra
  21 water moccasins
  5 hell hounds
  A floating eye (shapeshifter) (Depths:2)
  A naga skeleton (Tomb:3)
  A cane toad skeleton (Crypt:2)
  A deep troll skeleton (Pan)
  2 dwarves (Pan)
  9 hydra simulacra
  2 floating eyes
  A glowing shapeshifter skeleton (D:15)
  4 ice beasts
  A swamp drake (Zig:10)
  2 sky beasts (D:8)
  58 orc warriors
  3 black bears
  8 ettin simulacra
  A hornet zombie (Crypt:2)
  A swamp dragon zombie (Tomb:1)
  An elephant zombie (Crypt:2)
  25 ogres
  A fire dragon simulacrum (Crypt:1)
  A tengu (Pan)
  11 wolves
  8 centaurs
  3 boggarts (Vaults:1)
  A phantom (D:6)
  3 kobold brigands
  18 bullfrogs
  6 necrophages
  A demonspawn simulacrum (Crypt:1)
  An earth elemental (Abyss:3)
  7 two-headed ogre simulacra
  5 scorpions
  A komodo dragon skeleton (Crypt:2)
  3 wights (D:6)
  An elephant simulacrum (IceCv)
  15 killer bees
  A swamp dragon simulacrum (Coc:1)
  6 howler monkeys
  4 crimson imps (Depths:1)
  4 electric eels (Lair:5)
  A lava snake (Lair:5)
  2 hounds
  2 black bear zombies
  4 jellies
  5 centaur zombies
  35 orc priests
  3 centaur skeletons
  2 iron imps (Abyss:3)
  5 iguanas
  43 orc wizards
  A sleepcap (D:5)
  5 troll simulacra (IceCv)
  6 hell rats (Hell)
  2 polar bear simulacra (IceCv)
  14 spriggan simulacra
  2 wolf simulacra (IceCv)
  A killer bee zombie (Crypt:1)
  An ice beast zombie (Crypt:2)
  A hound zombie (Crypt:2)
  44 mummies
  14 gnolls
  4 adders
  5 naga simulacra
  7 white imps
  8 ufetubi
  3 worms (D:2)
  3 dart slugs
  145 orcs
  10 ball pythons
  15 endoplasms
  7 giant cockroaches
  14 goblins
  17 hobgoblins
  12 jackals
  5 quokkas
  A ball python (shapeshifter) (Depths:2)
  4 bats
  3 frilled lizards
  22 kobolds
  A kobold zombie (Crypt:1)
  3 rats
  2 ball lightnings (Pan)
  10 creeping infernos
  60 fire vortices
  2 lurking horrors (Abyss:3)
  7 starspawn tentacles (Abyss:3)
5102 creatures vanquished.

Vanquished Creatures (collateral kills)
  Dissolution (Slime:3)
  2 juggernauts (Depths:2)
  Josephina (Crypt:2)
  Frederick (Crypt:3)
  2 golden dragons (Zot:3)
  A bone dragon (Depths:4)
  A Tzitzimitl (Tar:7)
  An electric golem (Zot:1)
  An iron giant (Dis:3)
  3 tentacled monstrosities
  A Hell Sentinel (Pan)
  An Ice Fiend (Pan)
  2 liches
  2 titans
  8 acid blobs
  An ancient champion (Crypt:1)
  A quicksilver dragon (Zot:3)
  A death cob (Zot:3)
  A shadow dragon (Vaults:5)
  A storm dragon (Zot:3)
  A draconian monk (Zot:3)
  6 azure jellies (Slime:5)
  A revenant (Crypt:3)
  5 rockslimes
  A draconian scorcher (Zot:3)
  2 vault wardens (Vaults:5)
  An iron dragon (Vaults:5)
  A draconian shifter (Zot:1)
  An orc warlord (D:13)
  2 ghouls
  A stone giant (Vaults:5)
  A quicksilver ooze (Slime:5)
  A demonspawn black sun (Pan)
  2 formless jellyfish
  4 black draconians
  2 purple draconians (Zot:1)
  A spark wasp (Spider:3)
  A yellow draconian (Zot:2)
  2 white draconians (Zot:3)
  2 red draconians (Zot:1)
  An iron golem (Hell)
  A blizzard demon (Pan)
  2 eidola (Crypt:2)
  An ettin (Vaults:5)
  2 jiangshi (Crypt:3)
  3 great orbs of eyes
  A death knight (Crypt:1)
  2 dancing weapons
  A deep troll earth mage (Depths:2)
  An iron troll (Depths:3)
  A deep troll (Depths:3)
  A skeletal warrior (Crypt:3)
  A glowing orange brain (Pan)
  A sixfirhy (Pan)
  A lindwurm (Vaults:1)
  2 flayed ghosts
  An ironbound convoker (Vaults:2)
  A wolf spider (Spider:4)
  A moth of wrath (Zot:1)
  A water nymph (Shoals:4)
  A freezing wraith (Crypt:3)
  A komodo dragon (Lair:2)
  A redback zombie (Spider:2)
  A dream sheep (Lair:5)
  A fire dragon zombie (Crypt:1)
  A culicivora (Spider:3)
  A shadow (Crypt:1)
  4 slime creatures
  A golden eye (Slime:5)
  A redback (Spider:4)
  A vampire mosquito (Lair:5)
  An orc warrior (D:12)
  A wolf (Lair:3)
  A lava snake (Lair:5)
  An orc (D:12)
115 creatures vanquished.

Vanquished Creatures (others)
  A pandemonium lord (Pan)
  A shard shrike (Coc:6)
  A draconian knight (Depths:4)
  A ghoul (Pan)
  A demonspawn corrupter (Pan)
  A demonspawn black sun (Pan)
  A wendigo (Coc:7)
  A red draconian (Zot:2)
  A green death (Pan)
  A mummy priest (Hell)
  A rakshasa (Pan)
  A caustic shrike simulacrum (Coc:6)
  A spatial maelstrom (Zig:19)
  A quicksilver dragon simulacrum (Coc:6)
  A wizard (Pan)
  4 deep elf zephyrmancers
  A cane toad (Lair:5)
  An iron giant simulacrum (Coc:4)
  A tormentor (Zig:16)
  An iron dragon simulacrum (Coc:7)
  A water elemental (Shoals:4)
  A centaur simulacrum (Crypt:2)
  A dire elephant simulacrum (Coc:4)
  A harpy simulacrum (Coc:5)
  An orc warrior (Orc:2)
  A dwarf (Pan)
  An ettin simulacrum (Coc:5)
  An orc priest (Orc:2)
  2 orc wizards
  A goblin (shapeshifter) (D:14)
  8 ball lightnings (Pan)
  2 creeping infernos
  2 fire vortices
  4 foxfires (Zig:10)
  A lurking horror (Abyss:3)
  11 starspawn tentacles (Abyss:3)
62 creatures vanquished.

Grand Total: 5279 creatures vanquished

Notes
Turn   | Place    | Note
-------+----------+-------------------------------------------
     0 | D:1      | hatwer the Gnoll Air Elementalist began the quest for the
                  | Orb.
     0 | D:1      | Reached XP level 1. HP: 13/13 MP: 6/6
   101 | D:1      | Reached XP level 2. HP: 19/19 MP: 4/7
   444 | D:1      | Reached skill level 5 in Spellcasting
   444 | D:1      | Reached XP level 3. HP: 19/25 MP: 7/9
   610 | D:1      | Found a faded altar of an unknown god.
   674 | D:1      | Reached skill level 1 in Invocations
   932 | D:2      | Reached skill level 1 in Fighting
   932 | D:2      | Reached skill level 1 in Short Blades
   932 | D:2      | Reached skill level 1 in Long Blades
   932 | D:2      | Reached skill level 1 in Axes
   932 | D:2      | Reached skill level 1 in Maces & Flails
   932 | D:2      | Reached skill level 1 in Polearms
   932 | D:2      | Reached skill level 1 in Staves
   932 | D:2      | Reached skill level 1 in Ranged Weapons
   932 | D:2      | Reached skill level 1 in Throwing
   932 | D:2      | Reached skill level 1 in Armour
   932 | D:2      | Reached skill level 1 in Shields
   932 | D:2      | Reached skill level 1 in Unarmed Combat
   932 | D:2      | Reached skill level 1 in Evocations
   981 | D:2      | Reached XP level 4. HP: 28/32 MP: 11/11
  1105 | D:2      | Learned a level 3 spell: Swiftness
  1110 | D:2      | Learned a level 4 spell: Airstrike
  1301 | D:2      | Identified the +0 ring mail of the Learner {rElec Int+2}
  1478 | D:2      | Reached skill level 1 in Hexes
  1478 | D:2      | Reached skill level 1 in Summonings
  1478 | D:2      | Reached skill level 1 in Necromancy
  1478 | D:2      | Reached skill level 1 in Translocations
  1478 | D:2      | Reached skill level 1 in Transmutations
  1478 | D:2      | Reached skill level 1 in Fire Magic
  1478 | D:2      | Reached skill level 1 in Ice Magic
  1478 | D:2      | Reached skill level 1 in Earth Magic
  1478 | D:2      | Reached skill level 1 in Poison Magic
  2161 | D:3      | Reached XP level 5. HP: 37/37 MP: 8/12
  2237 | D:3      | Found Meush's Armour Shoppe.
  2700 | D:3      | Reached XP level 6. HP: 27/44 MP: 2/13
  3210 | D:4      | Reached skill level 5 in Dodging
  3498 | D:4      | Reached XP level 7. HP: 26/50 MP: 10/15
  3841 | D:4      | Found a staircase to the Ecumenical Temple.
  3853 | Temple   | Entered the Ecumenical Temple
  4453 | Temple   | Became a worshipper of Ashenzari the Shackled
  4600 | D:4      | Found Gozag's Platinum Reserve.
  4600 | D:4      | Found an opulent altar of Gozag.
  4788 | D:5      | Entered Level 5 of the Dungeon
  4923 | D:5      | Reached skill level 5 in Stealth
  5297 | D:5      | Reached XP level 8. HP: 58/58 MP: 12/16
  5432 | D:5      | Identified the +7 dagger of the Spectre {vamp, rPois}
  6732 | D:6      | Reached XP level 9. HP: 56/65 MP: 9/18
  7064 | D:6      | Reached * piety under Ashenzari
  7407 | D:6      | Learned a level 3 spell: Frozen Ramparts
  7410 | D:6      | Learned a level 2 spell: Sublimation of Blood
  7636 | D:7      | Found Fikuecz Agoj's Magic Scroll Boutique.
  7825 | D:7      | Reached ** piety under Ashenzari
  7914 | D:7      | Reached skill level 5 in Invocations
  8097 | D:7      | Found Rejor's Distillery.
  8144 | D:7      | Found Tetaf's Jewellery Shop.
  8252 | D:7      | Found Sunlismuob's Book Shoppe.
  8253 | D:7      | Found Noehuekk's Book Shoppe.
  8468 | D:8      | Found a runed translucent gate.
  8479 | D:8      | Found a runed translucent gate.
  8479 | D:8      | Noticed a ten-headed hydra
  8479 | D:8      | Noticed Decysan's ghost (novice GnHs)
  8479 | D:8      | Identified the +1 broad axe of Destruction {freeze, *Slow
                  | rCorr Int+3}
  8480 | D:8      | Found a runed translucent gate.
  8624 | D:8      | Noticed a komodo dragon
  8642 | D:8      | Killed a komodo dragon
  8643 | D:8      | Reached skill level 5 in Fighting
  8643 | D:8      | Reached skill level 5 in Short Blades
  8643 | D:8      | Reached skill level 5 in Long Blades
  8643 | D:8      | Reached skill level 5 in Axes
  8643 | D:8      | Reached skill level 5 in Maces & Flails
  8643 | D:8      | Reached skill level 5 in Polearms
  8643 | D:8      | Reached skill level 5 in Staves
  8643 | D:8      | Reached skill level 5 in Ranged Weapons
  8643 | D:8      | Reached skill level 5 in Throwing
  8643 | D:8      | Reached skill level 5 in Armour
  8643 | D:8      | Reached skill level 5 in Shields
  8643 | D:8      | Reached skill level 5 in Unarmed Combat
  8643 | D:8      | Reached skill level 5 in Evocations
  8643 | D:8      | Reached XP level 10. HP: 76/76 MP: 3/22
  8668 | D:8      | Found a flagged portal.
  8684 | Bailey   | Entered a bailey
  8789 | Bailey   | Learned a level 4 spell: Summon Ice Beast
  9016 | Bailey   | Identified the +3 morningstar of Peseis {spect, rF+}
  9031 | Bailey   | Reached skill level 5 in Conjurations
  9031 | Bailey   | Reached skill level 5 in Hexes
  9031 | Bailey   | Reached skill level 5 in Summonings
  9031 | Bailey   | Reached skill level 5 in Necromancy
  9031 | Bailey   | Reached skill level 5 in Translocations
  9031 | Bailey   | Reached skill level 5 in Transmutations
  9031 | Bailey   | Reached skill level 5 in Fire Magic
  9031 | Bailey   | Reached skill level 5 in Ice Magic
  9031 | Bailey   | Reached skill level 5 in Earth Magic
  9031 | Bailey   | Reached skill level 5 in Poison Magic
  9031 | Bailey   | Reached XP level 11. HP: 85/85 MP: 22/24
  9052 | Bailey   | Noticed an orc warlord
  9054 | Bailey   | Identified the staff "Muan Ton" {Contam rPois rC+ rCorr
                  | Dex+9 Ice}
  9072 | Bailey   | Killed an orc warlord
  9297 | D:8      | You fall into a shaft and drop 1 floor!
  9349 | D:7      | Reached *** piety under Ashenzari
  9818 | D:8      | Found a staircase to the Lair.
 10091 | D:9      | Noticed Harold
 10142 | D:8      | Killed Harold
 10460 | D:7      | Bought a scroll of acquirement for 520 gold pieces
 10460 | D:7      | Acquired 1108 gold pieces
 10503 | D:7      | Bought the amulet "Itwotwoa" {RegenMP Int+4} for 454 gold
                  | pieces
 10523 | D:8      | Reached **** piety under Ashenzari
 10718 | D:7      | Bought the ring of Gireg {rElec rCorr Str+3 Dex+6 SInv} for
                  | 661 gold pieces
 10862 | D:9      | Noticed a two-headed ogre
 10872 | D:9      | Killed a two-headed ogre
 11321 | D:10     | Entered Level 10 of the Dungeon
 11446 | D:10     | Reached XP level 12. HP: 90/95 MP: 24/26
 11738 | D:11     | Noticed Snorg
 11753 | D:11     | Killed Snorg
 11785 | D:11     | Reached ***** piety under Ashenzari
 11847 | D:11     | Noticed a centaur warrior
 11848 | D:11     | Noticed a boulder beetle
 11852 | D:11     | Killed a boulder beetle
 11853 | D:11     | Killed a centaur warrior
 11854 | D:11     | Noticed a two-headed ogre
 11855 | D:11     | Killed a two-headed ogre
 11856 | D:11     | Identified the +1 long sword of Juerotzi {protect, MP+9
                  | Dex+2}
 11858 | D:11     | Noticed a two-headed ogre
 11859 | D:11     | Killed a two-headed ogre
 11900 | D:11     | Identified the +0 cloak of the Gusle {Dex+4 Slay+2 Stlth+}
 12031 | D:11     | Noticed a two-headed ogre
 12045 | D:11     | Killed a two-headed ogre
 12188 | D:11     | Learned a level 2 spell: Blink
 12193 | D:11     | Learned a level 4 spell: Petrify
 12248 | D:11     | Learned a level 3 spell: Mephitic Cloud
 12659 | D:11     | Noticed Grum
 12666 | D:11     | Killed Grum
 12962 | D:12     | Found Elior's Antique Weapon Shop.
 13006 | D:12     | Noticed Lodul
 13020 | D:12     | Killed Lodul
 13141 | D:12     | Reached XP level 13. HP: 106/106 MP: 29/29
 13152 | D:12     | Found a frozen archway.
 13183 | IceCv    | Entered an ice cave
 13670 | IceCv    | Identified the Papyrus of Evolution
 13672 | IceCv    | Identified the +6 short sword "Newtbane" {elec, rF+ rC+}
 14014 | IceCv    | Reached skill level 10 in Spellcasting
 14339 | D:3      | Bought the +2 ratskin cloak {*Rats rPois rN+ Str-1 Int-1
                  | Dex+1} for 333 gold pieces
 14339 | D:3      | Found the +2 ratskin cloak {*Rats rPois rN+ Str-1 Int-1
                  | Dex+1}
 14462 | Lair:1   | Entered Level 1 of the Lair of Beasts
 14668 | Lair:1   | Noticed Maggie
 14697 | Lair:1   | Killed Maggie
 14758 | Lair:1   | Found a transporter.
 14763 | Lair:1   | Found a transporter.
 14764 | Lair:1   | Noticed Dega's ghost (journeyman SpHu)
 14787 | Lair:1   | Acquired 466 gold pieces
 14819 | Lair:1   | Reached skill level 10 in Dodging
 14841 | Lair:1   | Noticed Urug
 14842 | Lair:1   | Noticed Joseph
 14860 | Lair:1   | Killed Joseph
 14872 | Lair:1   | Killed Urug
 15660 | Lair:2   | Reached skill level 10 in Stealth
 15832 | Lair:2   | Found a sacrificial altar of Ru.
 16048 | Lair:2   | Learned a level 5 spell: Borgnjor's Vile Clutch
 16255 | Lair:3   | Found a hole to the Spider Nest.
 16396 | Lair:3   | Reached skill level 10 in Invocations
 16589 | Lair:3   | Found a staircase to the Shoals.
 16790 | Lair:3   | Identified the +2 leather armour of the Land of Plenty
                  | {rElec rC- Will++}
 16803 | Lair:3   | Reached XP level 14. HP: 104/114 MP: 31/31
 16832 | Lair:3   | Noticed Gastronok
 16968 | Lair:3   | Killed Gastronok
 18436 | Lair:5   | Entered Level 5 of the Lair of Beasts
 18551 | Lair:5   | Reached skill level 10 in Air Magic
 18740 | Lair:5   | Reached skill level 10 in Fighting
 18740 | Lair:5   | Reached skill level 10 in Short Blades
 18740 | Lair:5   | Reached skill level 10 in Long Blades
 18740 | Lair:5   | Reached skill level 10 in Axes
 18740 | Lair:5   | Reached skill level 10 in Maces & Flails
 18740 | Lair:5   | Reached skill level 10 in Polearms
 18740 | Lair:5   | Reached skill level 10 in Staves
 18740 | Lair:5   | Reached skill level 10 in Ranged Weapons
 18740 | Lair:5   | Reached skill level 10 in Throwing
 18740 | Lair:5   | Reached skill level 10 in Armour
 18740 | Lair:5   | Reached skill level 10 in Shields
 18740 | Lair:5   | Reached skill level 10 in Unarmed Combat
 18740 | Lair:5   | Reached skill level 10 in Evocations
 18986 | Lair:5   | Reached XP level 15. HP: 54/122 MP: 17/32
 19039 | Lair:5   | Found a viscous altar of Jiyva.
 19040 | Lair:5   | Found a staircase to the Slime Pits.
 19047 | Lair:5   | Identified the amulet of Pisuelag {Spirit rElec Int+4}
 19651 | D:7      | Bought the ring "Heoczuank" {rC+ Dex+6} for 500 gold pieces
 19694 | D:7      | Bought a scroll of blinking for 75 gold pieces
 19694 | D:7      | Bought a scroll of enchant armour for 75 gold pieces
 19907 | D:12     | Found Nugig's Weapon Shoppe.
 20008 | D:12     | Found Xoffebb's Book Emporium.
 20023 | D:12     | Noticed Jorgrun
 20032 | D:12     | Killed Jorgrun
 20086 | D:12     | Found Leuc's Book Shoppe.
 20164 | D:12     | Found Cuudaif's Antique Weapon Boutique.
 20185 | D:12     | Found a staircase to the Orcish Mines.
 20561 | D:13     | Noticed an orc warlord
 20585 | D:13     | Killed an orc warlord
 21436 | D:13     | Learned a level 4 spell: Dispel Undead
 21643 | D:14     | Noticed a tengu reaver
 21645 | D:14     | Noticed lyrin's ghost (journeyman DEHu)
 21672 | D:14     | Found a transporter.
 21673 | D:14     | Noticed a fire giant
 21951 | D:14     | Found a transporter.
 21990 | D:14     | Found a snail-covered altar of Cheibriados.
 22104 | D:14     | Found a gate to the Vaults.
 22325 | Lair:1   | Killed Dega's ghost
 22550 | D:7      | Bought a potion of mutation for 128 gold pieces
 22550 | D:7      | Bought a potion of heal wounds for 80 gold pieces
 22550 | D:7      | Bought a potion of lignification for 48 gold pieces
 22550 | D:7      | Bought a potion of curing for 48 gold pieces
 22550 | D:7      | Bought a potion of heal wounds for 80 gold pieces
 22820 | Orc:1    | Entered Level 1 of the Orcish Mines
 23030 | Orc:1    | Found the +10 tower shield of Ignorance {rN+ Int-4}
 23036 | Orc:1    | Found a runed translucent door.
 23097 | Orc:1    | Reached XP level 16. HP: 133/133 MP: 35/35
 23154 | Orc:1    | Found a runed translucent door.
 23394 | Orc:2    | Entered Level 2 of the Orcish Mines
 23519 | Orc:2    | Found Faoclas's Antique Weapon Boutique.
 23553 | Orc:2    | Found a staircase to the Elven Halls.
 23739 | Orc:2    | Found Aclot's Antique Armour Shop.
 23747 | Orc:2    | Bought a pair of glowing boots for 180 gold pieces
 24263 | Orc:2    | Found Liroc's Armour Shop.
 24361 | Orc:2    | Found Immacs's Antique Weapon Boutique.
 24365 | Orc:2    | Found Mutouthr Teah's Antique Armour Shop.
 24835 | D:12     | Bought a book of Ice for 650 gold pieces
 24843 | D:12     | Learned a level 7 spell: Ozocubu's Refrigeration
 25034 | Spider:1 | Entered Level 1 of the Spider Nest
 25237 | Spider:1 | Found a runed translucent door.
 25813 | Spider:2 | Reached skill level 10 in Conjurations
 26305 | Spider:2 | Upgraded the game from 0.31-a0-216-g22e908d to
                  | 0.31-a0-217-g58bb5d7
 26460 | Spider:2 | Reached XP level 17. HP: 140/140 MP: 36/36
 26713 | Spider:2 | Reached skill level 10 in Hexes
 26713 | Spider:2 | Reached skill level 10 in Summonings
 26713 | Spider:2 | Reached skill level 10 in Necromancy
 26713 | Spider:2 | Reached skill level 10 in Translocations
 26713 | Spider:2 | Reached skill level 10 in Transmutations
 26713 | Spider:2 | Reached skill level 10 in Fire Magic
 26713 | Spider:2 | Reached skill level 10 in Ice Magic
 26713 | Spider:2 | Reached skill level 10 in Earth Magic
 26713 | Spider:2 | Reached skill level 10 in Poison Magic
 27776 | Spider:3 | Identified the +1 robe of the Desert {rPois rC+}
 28229 | Spider:4 | Entered Level 4 of the Spider Nest
 28566 | Spider:4 | Noticed Louise
 28602 | Spider:4 | Killed Louise
 28654 | Spider:4 | Found the amulet of Elemental Vulnerability {rPois rF--
                  | rC-- AC+8}
 29057 | Spider:4 | Identified the +0 hat of Modesty {rC++ rN+ Will+}
 29257 | Spider:4 | Reached XP level 18. HP: 139/149 MP: 12/38
 29781 | Spider:4 | Identified the orb of Knowledge {*channel, Drain rElec
                  | Int+3}
 29783 | Spider:4 | Identified the +0 pair of boots "Wuceuhus" {+Blink +Inv
                  | rN+++ Dex-4}
 29798 | Spider:4 | Got a gossamer rune of Zot
 30007 | Shoals:1 | Entered Level 1 of the Shoals
 30507 | Shoals:1 | Reached skill level 15 in Dodging
 30529 | Shoals:1 | Found Yddiodac's Book Boutique.
 31312 | Shoals:3 | Found a runed translucent door.
 31314 | Shoals:3 | Noticed cowcow's ghost (adept DsCj)
 31348 | Shoals:3 | Noticed a titan
 31427 | Shoals:3 | Killed a titan
 32081 | Shoals:3 | Killed cowcow's ghost
 32128 | Shoals:4 | Entered Level 4 of the Shoals
 32259 | Shoals:4 | Identified the ring of Ripoyh {rF+ Int-3 Dex+6}
 32348 | Shoals:4 | Identified the +2 rapier of the Inquisitive Towns {protect,
                  | rPois}
 32356 | Shoals:4 | Identified Sif Muna's Secrets of Panentheism
 32387 | Shoals:4 | Paralysed by an air elemental for 1 turns
 32454 | Shoals:4 | Found a snail-covered altar of Cheibriados.
 32493 | Shoals:4 | Paralysed by an air elemental for 1 turns
 32709 | Shoals:4 | Found a stormy altar of Qazlal.
 32833 | Shoals:4 | Reached XP level 19. HP: 161/161 MP: 27/41
 33102 | Shoals:4 | Paralysed by an air elemental for 1 turns
 33106 | Shoals:4 | Paralysed by an air elemental for 1 turns
 33348 | Shoals:4 | Got a barnacled rune of Zot
 33715 | Elf:1    | Entered Level 1 of the Elven Halls
 33771 | Elf:1    | Noticed Kirke
 33780 | Elf:1    | Killed Kirke
 33796 | Elf:1    | Identified the Disquisition on Concussion
 34494 | Elf:2    | Found a transporter.
 34494 | Elf:2    | Found Wenaamas's Armour Shop.
 34516 | Elf:2    | Found a transporter.
 34621 | Elf:2    | Found a huge runed translucent gate.
 34623 | Elf:2    | Found a huge runed translucent gate.
 34730 | Elf:2    | Found a huge runed translucent gate.
 34730 | Elf:2    | Found a huge runed translucent gate.
 34730 | Elf:2    | Found a huge runed translucent gate.
 35456 | Elf:3    | Entered Level 3 of the Elven Halls
 35546 | Elf:3    | Found Paruafos's Antique Armour Boutique.
 36047 | Elf:3    | Identified the ring "Tiqezxown" {rPois MP+9 Str+6}
 36119 | Elf:3    | Reached skill level 15 in Invocations
 36327 | Elf:3    | Reached XP level 20. HP: 136/170 MP: 35/42
 36371 | Elf:3    | Identified the ring "Yfasyogg" {rPois rF++ rCorr Str-3
                  | Int+3}
 36502 | Elf:3    | Found the amulet of the Air {Inacc Air Fly rElec RMsl}
 36504 | Elf:3    | Identified the amulet "Hiohyfecw" {Regen+ Dex+3}
 36544 | Elf:3    | Identified the Vellum of Phantasms
 36545 | Elf:3    | Identified the +2 scale mail "Vukhal" {rN+ rCorr Dex+4}
 36545 | Elf:3    | Identified the +6 longbow "Padiulu" {elec, rElec Dex+5}
 36546 | Elf:3    | Identified the +2 quarterstaff of Vyti {heavy, Int+3}
 36608 | Elf:3    | Identified the +0 swamp dragon scales "Ytiuzo Delaw" {rPois
                  | Will+}
 36979 | D:12     | Bought a crystal short sword for 224 gold pieces
 36979 | D:12     | Identified the +1 short sword of Dissent {flame, Dex+4}
                  | (You bought it in a shop on level 12 of the Dungeon)
 36979 | D:12     | Bought an ancient whip for 210 gold pieces
 36979 | D:12     | Identified the +7 whip "Impbane" {vamp, Dex+4} (You bought
                  | it in a shop on level 12 of the Dungeon)
 37044 | D:15     | Entered Level 15 of the Dungeon
 37155 | D:15     | Found a runed translucent door.
 37274 | D:15     | Found a staircase to the Depths.
 37327 | D:15     | Identified the +5 rapier "Otesiad" {flame, rC+ rCorr Str-4}
 37561 | D:15     | Noticed Rupert
 37572 | D:15     | Killed Rupert
 37838 | D:12     | Bought a book of the Earth for 650 gold pieces
 37845 | D:12     | Learned a level 6 spell: Statue Form
 37909 | D:15     | Identified the cursed +0 pair of gloves "Enigmatic
                  | Hedonism" {Melee, Evo} (You found it on level 7 of the
                  | Dungeon)
 37909 | D:15     | Identified the cursed +2 pair of boots "I Foresaw This"
                  | {rampage, Comp, Self} (You bought it in a shop on level 2
                  | of the Orcish Mines)
 37909 | D:15     | Identified the cursed +4 troll leather armour "I Foresaw
                  | This" {Regen+, Fort, Self} (You found it on level 1 of the
                  | Orcish Mines)
 38121 | Depths:1 | Entered Level 1 of the Depths
 38134 | Depths:1 | Reached skill level 15 in Spellcasting
 38219 | Depths:1 | Found a gateway to Hell.
 38276 | Depths:1 | Learned a level 3 spell: Ozocubu's Armour
 38706 | Depths:1 | Found a shimmering altar of Xom.
 39570 | Depths:2 | Reached skill level 15 in Stealth
 39621 | Depths:2 | Noticed a juggernaut
 39778 | D:12     | Bought a book of the Spheres for 648 gold pieces
 39786 | D:12     | Learned a level 7 spell: Orb of Destruction
 39794 | D:12     | Learned a level 7 spell: Spellforged Servitor
 39900 | Depths:2 | Killed a juggernaut
 40040 | Depths:2 | Found a burning altar of Makhleb.
 40106 | Depths:2 | Found a runed translucent door.
 40108 | Depths:2 | Found a runed translucent door.
 40108 | Depths:2 | Found a runed translucent door.
 40160 | Depths:2 | Reached XP level 21. HP: 170/178 MP: 41/44
 40180 | Depths:2 | Identified the amulet of Zuawef {Acrobat rF+ Will+ Stlth+}
 40180 | Depths:2 | Identified the +4 dagger of the Sage {flame, rN+ Stlth+}
 40222 | Depths:2 | Noticed a juggernaut
 40254 | Depths:2 | Found a one-way gate leading to the halls of Pandemonium.
 40497 | Depths:2 | Noticed a caustic shrike
 40518 | Depths:2 | Killed a caustic shrike
 40682 | Depths:2 | Noticed a juggernaut
 40856 | Depths:2 | Noticed Asterion
 40877 | Depths:2 | Killed Asterion
 41135 | Depths:2 | Identified the +6 scimitar "Bann" {flame, rPois Str+2}
 41179 | Depths:2 | Noticed a juggernaut
 41206 | Depths:2 | Killed a juggernaut
 41207 | Depths:2 | Reached skill level 15 in Fighting
 41207 | Depths:2 | Reached skill level 15 in Short Blades
 41207 | Depths:2 | Reached skill level 15 in Long Blades
 41207 | Depths:2 | Reached skill level 15 in Axes
 41207 | Depths:2 | Reached skill level 15 in Maces & Flails
 41207 | Depths:2 | Reached skill level 15 in Polearms
 41207 | Depths:2 | Reached skill level 15 in Staves
 41207 | Depths:2 | Reached skill level 15 in Ranged Weapons
 41207 | Depths:2 | Reached skill level 15 in Throwing
 41207 | Depths:2 | Reached skill level 15 in Armour
 41207 | Depths:2 | Reached skill level 15 in Shields
 41207 | Depths:2 | Reached skill level 15 in Unarmed Combat
 41207 | Depths:2 | Reached skill level 15 in Evocations
 42104 | Depths:2 | Killed a juggernaut
 42572 | Depths:2 | Killed a juggernaut
 42573 | Depths:2 | Reached XP level 22. HP: 177/188 MP: 8/46
 42666 | Depths:2 | Identified the Octavo of Atmospheric Evolution
 43192 | Depths:3 | Paralysed by a floating eye for 4 turns
 43304 | Depths:3 | Noticed a golden dragon
 43309 | Depths:3 | Killed a golden dragon
 43456 | Depths:3 | Found Riegasul's Book Boutique.
 43459 | Depths:3 | Found Qyq Kan's Jewellery Shoppe.
 43460 | Depths:3 | Found Inoceu Haciw's Book Boutique.
 43470 | Depths:3 | Bought a book of Spatial Translocations for 306 gold pieces
 43811 | Depths:3 | Found a corrupted altar of Lugonu.
 43812 | Depths:3 | Found a one-way gate to the infinite horrors of the Abyss.
 44469 | Depths:4 | Entered Level 4 of the Depths
 44763 | Depths:4 | Noticed a golden dragon
 44785 | Depths:4 | Killed a golden dragon
 44887 | Depths:4 | Found a one-way gateway to a ziggurat.
 45221 | Depths:4 | Found a gate to the Realm of Zot.
 45221 | Depths:4 | Noticed a golden dragon
 45245 | Depths:4 | Killed a golden dragon
 46024 | Slime:1  | Entered Level 1 of the Pits of Slime
 46386 | Slime:1  | Gained mutation: Your magical capacity is low. (-10% MP) [a
                  | shining eye]
 46424 | Slime:1  | Reached XP level 23. HP: 196/196 MP: 42/42
 46708 | Slime:2  | Gained mutation: You occasionally shout uncontrollably at
                  | your foes. [a shining eye]
 46976 | Slime:3  | Noticed Dissolution
 46989 | Slime:3  | Paralysed by a floating eye for 4 turns
 47379 | Slime:4  | Paralysed by a formless jellyfish for 1 turns
 47419 | Slime:3  | Gained mutation: You are weak. (Str -2) [a shining eye]
 47500 | Slime:5  | Entered Level 5 of the Pits of Slime
 47529 | Slime:5  | Gained mutation: Your magical capacity is very low. (-20%
                  | MP) [a shining eye]
 47601 | Slime:5  | Gained mutation: You sometimes lose your temper in combat.
                  | [a shining eye]
 47603 | Slime:5  | Noticed the Royal Jelly
 47764 | Slime:3  | Paralysed by a floating eye for 4 turns
 47765 | Slime:3  | Killed Dissolution
 48119 | Slime:3  | Lost mutation: You sometimes lose your temper in combat.
                  | [potion of mutation]
 48119 | Slime:3  | Lost mutation: You are weak. (Str -2) [potion of mutation]
 48119 | Slime:3  | Lost mutation: Your magical capacity is very low. (-20% MP)
                  | [potion of mutation]
 48119 | Slime:3  | Gained mutation: Your movements are slightly less
                  | encumbered by armour. (ER -2) [potion of mutation]
 48119 | Slime:3  | Gained mutation: You occasionally lose the ability to drink
                  | potions when taking damage. [potion of mutation]
 49075 | Slime:5  | Found a viscous altar of Jiyva.
 49083 | Slime:5  | Gained mutation: You sometimes lose your temper in combat.
                  | [a shining eye]
 49084 | Slime:5  | Gained mutation: You are dopey. (Int -2) [a shining eye]
 49098 | Slime:5  | Lost mutation: You are dopey. (Int -2) [potion of mutation]
 49098 | Slime:5  | Lost mutation: You occasionally shout uncontrollably at
                  | your foes. [potion of mutation]
 49098 | Slime:5  | Lost mutation: You sometimes lose your temper in combat.
                  | [potion of mutation]
 49098 | Slime:5  | Gained mutation: You possess an exceptional clarity of
                  | mind. [potion of mutation]
 49098 | Slime:5  | Gained mutation: Your magical capacity is very low. (-20%
                  | MP) [potion of mutation]
 49332 | Slime:5  | Identified the +6 scale mail of Witeut {rN+ Regen+ Int-5
                  | Slay+2}
 49332 | Slime:5  | Identified the +0 sling of Mastery {heavy, rN++ Str+2
                  | Int+6}
 49333 | Slime:5  | Identified Even More Hermeneutics
 49333 | Slime:5  | Identified the +9 short sword of the Chickpea {venom, rElec
                  | rF+ rCorr SInv}
 49335 | Slime:5  | Identified the +1 morningstar of the Crafting Hawk
                  | {protect, Fly rElec rCorr}
 49336 | Slime:5  | Identified the +0 pair of gloves of the Fife {rPois}
 49675 | Slime:5  | Killed the Royal Jelly
 50103 | Slime:5  | Got a slimy rune of Zot
 50742 | Vaults:1 | Entered Level 1 of the Vaults
 51288 | Vaults:1 | Reached skill level 15 in Air Magic
 51299 | Vaults:1 | Found Molut's Weapon Shop.
 51432 | Vaults:1 | Noticed Donald
 51459 | Vaults:1 | Killed Donald
 51717 | Vaults:1 | Reached XP level 24. HP: 186/206 MP: 36/38
 51785 | Vaults:1 | Identified the Catalogue of Percussion and Virulence
 51874 | Vaults:1 | Lost mutation: You possess an exceptional clarity of mind.
                  | [potion of mutation]
 51874 | Vaults:1 | Lost mutation: Your magical capacity is very low. (-20% MP)
                  | [potion of mutation]
 51874 | Vaults:1 | Lost mutation: You occasionally lose the ability to drink
                  | potions when taking damage. [potion of mutation]
 51874 | Vaults:1 | Gained mutation: You are dopey. (Int -2) [potion of
                  | mutation]
 51874 | Vaults:1 | Gained mutation: Your spells are a little easier to cast,
                  | but a little less powerful. [potion of mutation]
 51875 | Vaults:1 | Lost mutation: Your movements are slightly less encumbered
                  | by armour. (ER -2) [potion of mutation]
 51875 | Vaults:1 | Lost mutation: Your spells are a little easier to cast, but
                  | a little less powerful. [potion of mutation]
 51875 | Vaults:1 | Lost mutation: Your magical capacity is low. (-10% MP)
                  | [potion of mutation]
 51875 | Vaults:1 | Lost mutation: You are dopey. (Int -2) [potion of mutation]
 52015 | Vaults:1 | Identified Sif Muna's Parchment of the Breezy Sphinx
 52133 | Vaults:2 | Found Dapnuf's General Store.
 52142 | Vaults:2 | Noticed Jory
 52159 | Vaults:2 | Killed Jory
 52227 | Vaults:2 | Found Dyzxuim's Book Boutique.
 53015 | Vaults:2 | Found Qookhul's Jewellery Shop.
 53044 | Vaults:2 | Found Pionim's Weapon Shop.
 53052 | Vaults:2 | Found Xokhic's Weapon Shoppe.
 53496 | Vaults:3 | Found a staircase to the Crypt.
 54178 | Vaults:3 | Identified the +0 sling of a Billion Violins {freeze,
                  | Fragile Str+5 Int+3}
 54872 | Vaults:4 | Found a magical portal.
 54884 | WizLab   | Entered Alistair's Party Mansion
 55234 | WizLab   | Acquired the +2 hat of Death Resistance {rF+ Regen+ Stlth+}
 55463 | Vaults:4 | Reached XP level 25. HP: 212/212 MP: 46/48
 56426 | Vaults:4 | Identified the +0 ring mail of Forking Paths {Dex+2}
 56432 | Vaults:4 | Reached skill level 15 in Conjurations
 56473 | Vaults:4 | Learned a level 9 spell: Polar Vortex
 56630 | Crypt:1  | Entered Level 1 of the Crypt
 56916 | Crypt:1  | Found an ancient bone altar of Kikubaaqudgha.
 57227 | Crypt:1  | Paralysed by a vampire knight for 4 turns
 57712 | Crypt:1  | Reached skill level 15 in Hexes
 57712 | Crypt:1  | Reached skill level 15 in Summonings
 57712 | Crypt:1  | Reached skill level 15 in Necromancy
 57712 | Crypt:1  | Reached skill level 15 in Translocations
 57712 | Crypt:1  | Reached skill level 15 in Transmutations
 57712 | Crypt:1  | Reached skill level 15 in Fire Magic
 57712 | Crypt:1  | Reached skill level 15 in Ice Magic
 57712 | Crypt:1  | Reached skill level 15 in Earth Magic
 57712 | Crypt:1  | Reached skill level 15 in Poison Magic
 58219 | Crypt:2  | Noticed Boris
 58363 | Crypt:2  | Killed Boris
 58812 | Crypt:2  | Found a transporter.
 58946 | Crypt:2  | Identified the ring "Vofif" {Ice rN++ Will+ Str-5}
 58946 | Crypt:2  | Noticed Josephina
 58976 | Crypt:2  | Killed Josephina
 59127 | Crypt:2  | Found a transporter.
 59222 | Crypt:3  | Entered Level 3 of the Crypt
 59604 | Crypt:3  | Found a basalt altar of Yredelemnul.
 59657 | Crypt:3  | Reached XP level 26. HP: 223/224 MP: 32/50
 59921 | Crypt:3  | Identified the Discourse on Meteoric Wanderlust
 60081 | Crypt:3  | Noticed Frederick
 60096 | Crypt:3  | Killed Frederick
 60548 | Crypt:3  | Identified the Omnibus of the Catacomb
 60548 | Crypt:3  | Found the +6 Majin-Bo {spellvamp, MP+6 Int+6}
 60883 | Crypt:3  | Found a staircase to the Tomb.
 60953 | Crypt:3  | Identified the +4 robe of the Playwright {rF+ rC+}
 61269 | Vaults:5 | Entered Level 5 of the Vaults
 61621 | Vaults:5 | Identified the +9 scimitar of Dooxuibi {flame, Fly rElec
                  | Stlth+}
 61965 | Vaults:5 | Identified the +0 robe of Death Resistance {Contam rF+
                  | Dex+3}
 61965 | Vaults:5 | Identified the +6 chain mail of Temperance {rF- rCorr
                  | Stlth+}
 61967 | Vaults:5 | Identified the amulet "Winuss" {Spirit +Blink rC- Will++
                  | Stlth-}
 62231 | Vaults:5 | Identified the amulet of the Majestic Date {Acrobat rF+
                  | Stlth+}
 62490 | Vaults:5 | Identified the +6 shortbow of Tension {speed, Fly Stlth+}
 62505 | Vaults:5 | Got a silver rune of Zot
 62589 | Vaults:5 | Reached XP level 27. HP: 228/236 MP: 47/50
 62913 | D:14     | Killed lyrin's ghost
 63080 | Zot:1    | Entered Level 1 of the Realm of Zot
 63543 | Zot:1    | Found the +15 Maxwell's patent armour {-Cast -Tele rElec
                  | Will+ rCorr}
 63618 | Zot:1    | Noticed an orb of fire
 63849 | Zot:1    | Gained mutation: Your magical capacity is low. (-10% MP)
                  | [an orb of fire]
 63855 | Zot:1    | Killed an orb of fire
 65258 | Zot:2    | Learned a level 8 spell: Ignition
 65457 | Depths:3 | Bought a book of Armaments for 612 gold pieces
 65467 | Depths:3 | Learned a level 8 spell: Lehudib's Crystal Spear
 65674 | Zot:2    | Reached ****** piety under Ashenzari
 67541 | Zot:5    | Entered Level 5 of the Realm of Zot
 68396 | Hell     | Entered the Vestibule of Hell
 68396 | Hell     | Noticed Geryon
 68409 | Hell     | Killed Geryon
 68604 | Hell     | Found a gateway to the freezing wastes of Cocytus.
 68710 | Hell     | Found a gateway to the Iron City of Dis.
 68805 | Hell     | Found a gateway to the ashen valley of Gehenna.
 68841 | Hell     | Found a gateway to the decaying netherworld of Tartarus.
 69033 | Depths:3 | Voluntarily entered the Abyss.
 69246 | Abyss:3  | Identified the +0 plate armour of Jyenul {rN+ Str+8 Dex-5}
 69696 | Abyss:3  | Got an abyssal rune of Zot
 69817 | Depths:3 | Escaped the Abyss
 70041 | Geh:1    | Entered Level 1 of Gehenna
 71693 | Geh:7    | Entered Level 7 of Gehenna
 72514 | Geh:7    | Identified the Information on Teratogeny
 72733 | Geh:7    | Found the +13 sceptre of Asmodeus
 72733 | Geh:7    | Noticed Asmodeus
 72969 | Geh:7    | Identified the +3 ring mail of the Rose {rElec Str+3 Int+2}
 72969 | Geh:7    | Identified the +1 leather armour of Failure {rF+ Will+}
 73092 | Geh:7    | Identified the +0 ring mail of Cowardice {Fly Dex+5}
 73100 | Geh:7    | Killed Asmodeus
 73117 | Geh:7    | Got an obsidian rune of Zot
 73324 | Dis:1    | Entered Level 1 of the Iron City of Dis
 73987 | Dis:3    | Noticed a dread lich
 74144 | Dis:3    | Paralysed by a dread lich for 3 turns
 74148 | Dis:3    | Killed a dread lich
 74814 | Zig:1    | Entered Level 1 of a ziggurat
 74830 | Zig:2    | Entered Level 2 of a ziggurat
 74833 | Zig:2    | Identified the ring "Comik" {Contam rF+++ rC++ rCorr SInv}
 74855 | Zig:3    | Entered Level 3 of a ziggurat
 74894 | Zig:4    | Entered Level 4 of a ziggurat
 74931 | Zig:5    | Entered Level 5 of a ziggurat
 74999 | Zig:6    | Entered Level 6 of a ziggurat
 75004 | Zig:6    | Identified the amulet of Bemesery {RegenMP rF++}
 75006 | Zig:6    | Noticed a juggernaut
 75012 | Zig:6    | Killed a juggernaut
 75051 | Zig:7    | Entered Level 7 of a ziggurat
 75058 | Zig:7    | Identified the +8 long sword of Qeokkeih {spect, Fly Str+3}
 75113 | Zig:8    | Entered Level 8 of a ziggurat
 75117 | Zig:8    | Identified the +3 hand axe of the Unliving {antimagic,
                  | rElec rN+}
 75163 | Zig:9    | Entered Level 9 of a ziggurat
 75170 | Zig:9    | Identified the Handbook of Lethal Fire
 75170 | Zig:9    | Found the +8 longbow "Zephyr" {speed, Dex+3 SInv}
 75170 | Zig:9    | Identified the amulet "Vasoitenk" {Spirit rF+ rN+ SInv}
 75171 | Zig:9    | Identified the +1 robe of the Salamander {+Blink rCorr
                  | Int-5 SInv}
 75171 | Zig:9    | Identified the +0 chain mail of Polish {+Inv rF++ Dex-5
                  | SInv}
 75203 | Zig:10   | Entered Level 10 of a ziggurat
 75210 | Zig:10   | Identified the +3 scale mail of the Unseen Realm {MP+9}
 75210 | Zig:10   | Identified the staff of Sunlight {rPois rF+ Poison}
 75210 | Zig:10   | Identified the ring "Maloh" {Fly rElec Int+2 Dex+4}
 75211 | Zig:10   | Identified the staff "Isir" {rC+ rCorr Ice}
 75245 | Zig:11   | Entered Level 11 of a ziggurat
 75256 | Zig:11   | Found the dreamshard necklace {Acrobat *Dream}
 75258 | Zig:11   | Identified the +11 flail of the Imperium {holy, rCorr}
 75296 | Zig:12   | Entered Level 12 of a ziggurat
 75304 | Zig:12   | Found the ring of the Mage {Wiz Archmagi}
 75304 | Zig:12   | Identified the +2 sling of Kixeexke {heavy, Int+3}
 75306 | Zig:12   | Identified the +4 mace of Yredelemnul, Lusting {freeze,
                  | Fragile MP-9 Str+8}
 75359 | Zig:13   | Entered Level 13 of a ziggurat
 75367 | Zig:13   | Identified the +4 halberd "Raisin" {venom, Will+}
 75367 | Zig:13   | Identified the +0 mace of Nianusou {holy, *Corrode rF+
                  | Str+6 Dex+2}
 75403 | Zig:14   | Entered Level 14 of a ziggurat
 75412 | Zig:14   | Identified the +1 leather armour of a bailey {rF++ Int+2}
 75459 | Zig:15   | Entered Level 15 of a ziggurat
 75471 | Zig:15   | Identified the +4 ring mail of Noext {rC- rN+ Stlth+}
 75471 | Zig:15   | Identified the +7 spear "Killer Klown's Death" {protect,
                  | rN+ Str+4 Dex+2}
 75472 | Zig:15   | Identified the Parchment of the Macabre Missiles
 75524 | Zig:16   | Entered Level 16 of a ziggurat
 75533 | Zig:16   | Identified the +4 glaive "Iso Dadetye" {elec, Contam Str+5
                  | Int+2 Dex+3}
 75536 | Zig:16   | Identified the +8 arbalest of an ossuary {flame, rCorr}
 75546 | Zig:16   | Identified Okkoir's Guide on Reconstruction and Cleavage
 75630 | Zig:17   | Entered Level 17 of a ziggurat
 75641 | Zig:17   | Identified the ring "Onuy" {rCorr Int+6}
 75642 | Zig:17   | Identified Sif Muna's Anthology of Pyromancy
 75642 | Zig:17   | Identified the Vellum of the Compass and the Maleficium
 75698 | Zig:18   | Entered Level 18 of a ziggurat
 75706 | Zig:18   | Noticed a dread lich
 75706 | Zig:18   | Noticed a dread lich
 75706 | Zig:18   | Noticed an ancient lich
 75707 | Zig:18   | Noticed an ancient lich
 75709 | Zig:18   | Found the +8 mithril axe "Arga" {speed, Will+}
 75709 | Zig:18   | Identified the staff of the Gnashing Fox {*Slow rF+++ rC+
                  | Str-4 Dex+9 Ice}
 75709 | Zig:18   | Noticed a dread lich
 75713 | Zig:18   | Killed an ancient lich
 75713 | Zig:18   | Killed a dread lich
 75714 | Zig:18   | Killed a dread lich
 75715 | Zig:18   | Killed an ancient lich
 75716 | Zig:18   | Identified the +5 chain mail "Tuets" {Int+5}
 75716 | Zig:18   | Identified the ring of Giafy {Int+3 Slay+4}
 75716 | Zig:18   | Identified the +7 quarterstaff of the Cup {flame, *Rage
                  | rElec rPois}
 75717 | Zig:18   | Killed a dread lich
 75722 | Zig:18   | Found the +5 Storm Queen's Shield {shock, Fly rElec}
 75729 | Zig:18   | Identified the +6 scale mail of Jodetyxos {Will++ Int+2}
 75795 | Zig:19   | Entered Level 19 of a ziggurat
 75807 | Zig:19   | Reached skill level 27 in Dodging
 75809 | Zig:19   | Identified the Secrets of the Winter
 75809 | Zig:19   | Identified the ring "Qaxapi" {rElec rN+ Int+2 Dex+6}
 75809 | Zig:19   | Identified the +4 glaive of Losoh {venom, Str+6}
 75810 | Zig:19   | Identified the +5 shadow dragon scales of Widis {+Blink rF-
                  | Str+4 Stlth++++}
 75811 | Zig:19   | Identified the +9 spear "Qizot" {drain, rPois}
 75816 | Zig:19   | Identified the +0 robe "Juso" {Int+5}
 75878 | Zig:20   | Entered Level 20 of a ziggurat
 75888 | Zig:20   | Noticed a juggernaut
 75888 | Zig:20   | Noticed a juggernaut
 75891 | Zig:20   | Noticed a juggernaut
 75891 | Zig:20   | Identified Sif Muna's Precepts of the Virous Gargoyle
 75893 | Zig:20   | Identified the ring of Ineamn {+Blink rElec Will+ Dex+3}
 75893 | Zig:20   | Killed a juggernaut
 75893 | Zig:20   | Killed a juggernaut
 75894 | Zig:20   | Killed a juggernaut
 75895 | Zig:20   | Identified the +2 ring mail "Goreparha" {rN+}
 75895 | Zig:20   | Found the +3 robe of Clouds {*Thunder rCloud rElec}
 75896 | Zig:20   | Identified the ring of Ifod {rCorr Dex+4}
 75904 | Zig:20   | Identified Etem's Commentary on Anathema
 75980 | Zig:21   | Entered Level 21 of a ziggurat
 75990 | Zig:21   | Found the +8 demon trident "Rift" {distort, reach+}
 75990 | Zig:21   | Identified the +6 quarterstaff of Integrity {elec, rN++
                  | Will- rCorr Int-2}
 75993 | Zig:21   | Reached skill level 27 in Maces & Flails
 75995 | Zig:21   | Identified the +0 morningstar of Eternal War {elec, rC+}
 76050 | Zig:22   | Entered Level 22 of a ziggurat
 76060 | Zig:22   | Noticed an ancient lich
 76060 | Zig:22   | Noticed an ancient lich
 76060 | Zig:22   | Noticed a dread lich
 76060 | Zig:22   | Identified the staff "Peqorpheng" {rN+ Earth}
 76060 | Zig:22   | Noticed an ancient lich
 76063 | Zig:22   | Killed an ancient lich
 76063 | Zig:22   | Killed an ancient lich
 76064 | Zig:22   | Killed an ancient lich
 76064 | Zig:22   | Killed a dread lich
 76065 | Zig:22   | Identified the ring "Zyonich" {rElec rCorr}
 76070 | Zig:22   | Identified the Atlas of Momentum and Sparks
 76143 | Zig:22   | Learned a level 8 spell: Necromutation
 76155 | Zig:22   | Learned a level 9 spell: Shatter
 76404 | Pan      | Entered Pandemonium
 76672 | Pan      | Noticed Doenis the pandemonium lord
 76682 | Pan      | Killed Doenis the pandemonium lord
 76695 | Pan      | Gained mutation: You do not regenerate when monsters are
                  | visible. [a cacodemon]
 76703 | Pan      | Gained mutation: You are weak. (Str -2) [a cacodemon]
 76710 | Pan      | Gained mutation: You are frail. (-10% HP) [a cacodemon]
 76719 | Pan      | Lost mutation: You are weak. (Str -2) [potion of mutation]
 76719 | Pan      | Lost mutation: Your magical capacity is low. (-10% MP)
                  | [potion of mutation]
 76719 | Pan      | Gained mutation: You occasionally shout uncontrollably at
                  | your foes. [potion of mutation]
 76719 | Pan      | Lost mutation: You occasionally shout uncontrollably at
                  | your foes. [potion of mutation]
 76720 | Pan      | Lost mutation: You are frail. (-10% HP) [potion of
                  | mutation]
 76720 | Pan      | Lost mutation: You do not regenerate when monsters are
                  | visible. [potion of mutation]
 76720 | Pan      | Gained mutation: You occasionally lose the ability to drink
                  | potions when taking damage. [potion of mutation]
 76720 | Pan      | Gained mutation: Your spells are a little harder to cast,
                  | but a little more powerful. [potion of mutation]
 76720 | Pan      | Gained mutation: Your muscles are strong. (Str +4, Int/Dex
                  | -1) [potion of mutation]
 76721 | Pan      | Lost mutation: Your muscles are strong. (Str +4, Int/Dex
                  | -1) [potion of mutation]
 76721 | Pan      | Lost mutation: Your spells are a little harder to cast, but
                  | a little more powerful. [potion of mutation]
 76721 | Pan      | Gained mutation: You sometimes lose your temper in combat.
                  | [potion of mutation]
 76722 | Pan      | Lost mutation: You sometimes lose your temper in combat.
                  | [potion of mutation]
 76722 | Pan      | Lost mutation: You occasionally lose the ability to drink
                  | potions when taking damage. [potion of mutation]
 76722 | Pan      | Gained mutation: You are dopey. (Int -2) [potion of
                  | mutation]
 76722 | Pan      | Gained mutation: You are clumsy. (Dex -2) [potion of
                  | mutation]
 76722 | Pan      | Gained mutation: Your natural rate of healing is unusually
                  | fast. [potion of mutation]
 76881 | Pan      | Lost mutation: Your natural rate of healing is unusually
                  | fast. [a cacodemon]
 77560 | Pan      | Noticed Atupat the pandemonium lord
 77569 | Pan      | Found an exit through the horrors of the Abyss.
 77581 | Pan      | Killed Atupat the pandemonium lord
 77919 | Pan      | Entered the realm of Lom Lobon.
 78474 | Pan      | Identified the Directory of Disjunct Hoarfrost
 78803 | Pan      | Noticed Lom Lobon
 79331 | Pan      | Killed Lom Lobon
 79347 | Pan      | Got a magical rune of Zot
 79538 | Pan      | Identified the +3 dagger "Aubergine" {heavy, Will+ Str+3
                  | Dex+3}
 79542 | Pan      | Noticed Siakuyz the pandemonium lord
 79565 | Pan      | Killed Siakuyz the pandemonium lord
 79717 | Pan      | Found an exit through the horrors of the Abyss.
 80746 | Pan      | Noticed Foexkox the pandemonium lord
 80752 | Pan      | Entered the realm of Mnoleg.
 81035 | Pan      | Noticed Mnoleg
 81054 | Pan      | Killed Mnoleg
 81088 | Pan      | Got a glowing rune of Zot
 81173 | Pan      | Noticed Mennas
 81182 | Pan      | Killed Mennas
 81601 | Pan      | Noticed Adiareuh the pandemonium lord
 81610 | Pan      | Killed Adiareuh the pandemonium lord
 81751 | Pan      | Noticed Ogeskeni the pandemonium lord
 81776 | Pan      | Killed Ogeskeni the pandemonium lord
 81799 | Pan      | Identified the +0 quarterstaff "Fuwnakkoi" {holy, rN++
                  | Dex-5}
 83193 | Pan      | Noticed Doqe the pandemonium lord
 83199 | Pan      | Killed Doqe the pandemonium lord
 83467 | Pan      | Found an exit through the horrors of the Abyss.
 83478 | Pan      | Noticed Qunaruen the pandemonium lord
 83492 | Pan      | Killed Qunaruen the pandemonium lord
 83493 | Pan      | Reached skill level 27 in Throwing
 83622 | Pan      | Identified the +7 battleaxe "Emoam" {freeze, rElec rCorr}
 84142 | Pan      | Noticed Wirecsul the pandemonium lord
 84149 | Pan      | Killed Wirecsul the pandemonium lord
 84856 | Pan      | Found an exit through the horrors of the Abyss.
 84973 | Pan      | Noticed Ickouz the pandemonium lord
 84979 | Pan      | Killed Ickouz the pandemonium lord
 85371 | Pan      | Noticed Kenekh the pandemonium lord
 85382 | Pan      | Killed Kenekh the pandemonium lord
 85927 | Pan      | Entered the realm of Cerebov.
 86148 | Pan      | Found an exit through the horrors of the Abyss.
 86595 | Pan      | Found the +6 sword of Cerebov {flame}
 86595 | Pan      | Noticed Cerebov
 86598 | Pan      | Identified the staff "Nyeshac" {rElec rF+ Fire}
 86612 | Pan      | Killed Cerebov
 86700 | Pan      | Identified the +4 morningstar "Warrelur" {vamp, Str+3
                  | Dex+4}
 86703 | Pan      | Identified The Highest Levels of Hermeneutics
 86763 | Pan      | Identified the +5 chain mail of Defiance {rN+}
 86764 | Pan      | Identified the +7 spear "Wynijutoask" {freeze, rN+ Int+3}
 86803 | Pan      | Got a fiery rune of Zot
 86824 | Pan      | Identified the +4 morningstar of the Flying Coward {heavy,
                  | rN+ Str+3 Stlth+}
 86853 | Pan      | Identified the +6 flail "Isuih" {elec, Int+2 Dex+4}
 86940 | Pan      | Entered the realm of Gloorx Vloq.
 87696 | Pan      | Found an exit through the horrors of the Abyss.
 87783 | Pan      | Reached skill level 27 in Unarmed Combat
 87811 | Pan      | Noticed Gloorx Vloq
 87823 | Pan      | Killed Gloorx Vloq
 87940 | Pan      | Got a dark rune of Zot
 88130 | Pan      | Found an exit through the horrors of the Abyss.
 88340 | Pan      | Noticed Fivvynu the pandemonium lord
 88349 | Pan      | Killed Fivvynu the pandemonium lord
 88363 | Pan      | Got a demonic rune of Zot
 88546 | Pan      | Noticed Luin Nui the pandemonium lord
 88570 | Pan      | Killed Luin Nui the pandemonium lord
 88741 | Pan      | Noticed Livyjoog the pandemonium lord
 88745 | Pan      | Reached skill level 27 in Invocations
 88780 | Pan      | Killed Livyjoog the pandemonium lord
 88800 | Depths:2 | Escaped Pandemonium
 89038 | Tomb:1   | Entered Level 1 of the Tomb of the Ancients
 89455 | Tomb:1   | Noticed a royal mummy
 89455 | Tomb:1   | Noticed a royal mummy
 89463 | Tomb:1   | Killed a royal mummy
 89473 | Tomb:1   | Killed a royal mummy
 89475 | Tomb:1   | Noticed a royal mummy
 89475 | Tomb:1   | Noticed a royal mummy
 89483 | Tomb:1   | Killed a royal mummy
 89486 | Tomb:1   | Killed a royal mummy
 90003 | Tomb:1   | Noticed a royal mummy
 90008 | Tomb:1   | Noticed a royal mummy
 90009 | Tomb:1   | Killed a royal mummy
 90017 | Tomb:1   | Killed a royal mummy
 90074 | Tomb:1   | Noticed a royal mummy
 90095 | Tomb:1   | Killed a royal mummy
 90143 | Tomb:1   | Noticed a royal mummy
 90149 | Tomb:1   | Noticed a royal mummy
 90150 | Tomb:1   | Killed a royal mummy
 90157 | Tomb:1   | Killed a royal mummy
 90245 | Tomb:1   | Noticed a royal mummy
 90262 | Tomb:1   | Killed a royal mummy
 90504 | Tomb:2   | Noticed a royal mummy
 90505 | Tomb:2   | Noticed a royal mummy
 90510 | Tomb:2   | Noticed a royal mummy
 90515 | Tomb:2   | Noticed a royal mummy
 90517 | Tomb:2   | Killed a royal mummy
 90520 | Tomb:2   | Killed a royal mummy
 90588 | Tomb:2   | Killed a royal mummy
 90599 | Tomb:2   | Killed a royal mummy
 91096 | Tomb:3   | Entered Level 3 of the Tomb of the Ancients
 91104 | Tomb:3   | Noticed a royal mummy
 91107 | Tomb:3   | Identified the amulet "Fatanash" {Reflect Dex+3 SH+5}
 91108 | Tomb:3   | Noticed a royal mummy
 91110 | Tomb:3   | Identified the +6 shortbow of Resourcefulness {heavy, rF++
                  | rN+}
 91114 | Tomb:3   | Noticed a royal mummy
 91116 | Tomb:3   | Killed a royal mummy
 91121 | Tomb:3   | Killed a royal mummy
 91132 | Tomb:3   | Noticed a royal mummy
 91133 | Tomb:3   | Noticed a royal mummy
 91136 | Tomb:2   | Killed a royal mummy
 91229 | Tomb:3   | Killed a royal mummy
 91229 | Tomb:3   | Killed a royal mummy
 91254 | Tomb:3   | Identified the +3 war axe of a bazaar {heavy, rCorr Str+2
                  | Dex-2 SInv}
 91255 | Tomb:3   | Identified the +2 cloak "Iskagrikk" {Fly rPois MP+9 Dex+4}
 91258 | Tomb:3   | Identified the amulet "Awkij" {Acrobat Int+2 Dex+3}
 91272 | Tomb:3   | Identified the +7 fire dragon scales "Sack" {rF++ rC- Int+4
                  | Dex-2 Stlth+}
 91402 | Tomb:3   | Noticed a royal mummy
 91404 | Tomb:3   | Identified Edigyah's Quarto of the Serac and Evolution
 91409 | Tomb:3   | Noticed a royal mummy
 91411 | Tomb:3   | Killed a royal mummy
 91416 | Tomb:3   | Killed a royal mummy
 91446 | Tomb:3   | Noticed a royal mummy
 91458 | Tomb:3   | Killed a royal mummy
 91466 | Tomb:3   | Reached skill level 27 in Ranged Weapons
 91545 | Tomb:3   | Got a golden rune of Zot
 91582 | Tomb:3   | Noticed a royal mummy
 91592 | Tomb:3   | Killed a royal mummy
 93128 | Dis:7    | Entered Level 7 of the Iron City of Dis
 93306 | Dis:7    | Noticed a dread lich
 93308 | Dis:7    | Killed a dread lich
 93699 | Dis:7    | Noticed a juggernaut
 93715 | Dis:7    | Killed a juggernaut
 94438 | Dis:7    | Found the ring of the Tortoise {AC+8}
 94438 | Dis:7    | Found the ring of Shadows {Umbra +Inv Stlth+}
 94439 | Dis:7    | Identified the +6 dire flail "Newt's Funeral" {venom, rF+
                  | rCorr Int+2}
 94439 | Dis:7    | Identified the +2 robe of Inquiry {MP+9 Dex+3}
 95097 | Dis:7    | Noticed Dispater
 95175 | Dis:7    | Noticed a juggernaut
 95192 | Dis:7    | Killed a juggernaut
 95229 | Dis:7    | Killed Dispater
 95304 | Dis:7    | Identified the Compilation of the Wilderness
 95332 | Dis:7    | Got an iron rune of Zot
 95528 | Tar:1    | Entered Level 1 of Tartarus
 95958 | Tar:2    | Noticed an ancient lich
 95964 | Tar:2    | Killed an ancient lich
 96040 | Tar:2    | Noticed a dread lich
 96047 | Tar:2    | Paralysed by a dread lich for 2 turns
 96048 | Tar:2    | Killed a dread lich
 96049 | Tar:2    | Reached skill level 27 in Spellcasting
 96054 | Tar:2    | Noticed an ancient lich
 96063 | Tar:2    | Killed an ancient lich
 96078 | Tar:2    | Noticed a dread lich
 96082 | Tar:2    | Paralysed by a dread lich for 4 turns
 96088 | Tar:2    | Killed a dread lich
 96098 | Tar:2    | Noticed a dread lich
 96106 | Tar:2    | Killed a dread lich
 96454 | Tar:3    | Reached skill level 27 in Stealth
 97804 | Tar:7    | Entered Level 7 of Tartarus
 97811 | Tar:7    | Reached skill level 27 in Fighting
 97811 | Tar:7    | Reached skill level 27 in Short Blades
 97811 | Tar:7    | Reached skill level 27 in Long Blades
 97811 | Tar:7    | Reached skill level 27 in Axes
 97811 | Tar:7    | Reached skill level 27 in Polearms
 97811 | Tar:7    | Reached skill level 27 in Staves
 97811 | Tar:7    | Reached skill level 27 in Armour
 97811 | Tar:7    | Reached skill level 27 in Shields
 97811 | Tar:7    | Reached skill level 27 in Evocations
 98010 | Tar:7    | Found the +8 arc blade {discharge, rElec}
 98037 | Tar:7    | Reached skill level 27 in Necromancy
 98262 | Tar:7    | Noticed an ancient lich
 98273 | Tar:7    | Killed an ancient lich
 98474 | Tar:7    | Identified the amulet of Naesyrao {Spirit rN+ Int+3}
 98553 | Tar:7    | Noticed an ancient lich
 98575 | Tar:7    | Killed an ancient lich
 98637 | Tar:7    | Noticed an ancient lich
 98639 | Tar:7    | Noticed an ancient lich
 98645 | Tar:7    | Killed an ancient lich
 98648 | Tar:7    | Killed an ancient lich
 98678 | Tar:7    | Noticed the Serpent of Hell
 98720 | Tar:7    | Killed the Serpent of Hell
 99152 | Tar:7    | Identified the Encyclopedia of Traumaturgy
 99222 | Tar:7    | Noticed Ereshkigal
 99238 | Tar:7    | Killed Ereshkigal
 99493 | Tar:7    | Got a bone rune of Zot
 99686 | Coc:1    | Entered Level 1 of Cocytus
 99698 | Coc:1    | Paralysed by a wendigo for 1 turns
100211 | Coc:4    | Noticed a dread lich
100218 | Coc:4    | Killed a dread lich
100562 | Coc:6    | Paralysed by a wendigo for 1 turns
100565 | Coc:6    | Paralysed by a wendigo for 1 turns
101022 | Coc:7    | Entered Level 7 of Cocytus
101153 | Coc:7    | Paralysed by a wendigo for 1 turns
102031 | Coc:7    | Noticed Antaeus
102064 | Coc:7    | Killed Antaeus
102155 | Coc:7    | Got an icy rune of Zot
102183 | Coc:7    | Identified the Vellum of Translocation and Transmigration
102860 | Zot:5    | Lost mutation: You are clumsy. (Dex -2) [potion of
                  | mutation]
102860 | Zot:5    | Lost mutation: You are dopey. (Int -2) [potion of mutation]
102860 | Zot:5    | Gained mutation: Your muscles are strong. (Str +4, Int/Dex
                  | -1) [potion of mutation]
102861 | Zot:5    | Lost mutation: Your muscles are strong. (Str +4, Int/Dex
                  | -1) [potion of mutation]
102861 | Zot:5    | Gained mutation: You are frail. (-10% HP) [potion of
                  | mutation]
102861 | Zot:5    | Gained mutation: You occasionally shout uncontrollably at
                  | your foes. [potion of mutation]
102861 | Zot:5    | Gained mutation: You have hidden genetic defects. [potion
                  | of mutation]
102862 | Zot:5    | Lost mutation: You occasionally shout uncontrollably at
                  | your foes. [potion of mutation]
102862 | Zot:5    | Lost mutation: You are frail. (-10% HP) [potion of
                  | mutation]
102862 | Zot:5    | Gained mutation: Your magical capacity is low. (-10% MP)
                  | [potion of mutation]
102862 | Zot:5    | Gained mutation: You have extremely sharp teeth. [potion of
                  | mutation]
102862 | Zot:5    | Gained mutation: Your flesh is heat resistant. (rF+)
                  | [potion of mutation]
102863 | Zot:5    | Lost mutation: Your flesh is heat resistant. (rF+) [potion
                  | of mutation]
102863 | Zot:5    | Lost mutation: Your magical capacity is low. (-10% MP)
                  | [potion of mutation]
102863 | Zot:5    | Gained mutation: Your spells are a little easier to cast,
                  | but a little less powerful. [potion of mutation]
102863 | Zot:5    | Gained mutation: You expend magic power (3 MP) to
                  | strengthen your wands. [potion of mutation]
102864 | Zot:5    | Lost mutation: You have hidden genetic defects. [potion of
                  | mutation]
102864 | Zot:5    | Lost mutation: Your spells are a little easier to cast, but
                  | a little less powerful. [potion of mutation]
102864 | Zot:5    | Lost mutation: You expend magic power (3 MP) to strengthen
                  | your wands. [potion of mutation]
102864 | Zot:5    | Gained mutation: You are clumsy. (Dex -2) [potion of
                  | mutation]
102865 | Zot:5    | Lost mutation: You are clumsy. (Dex -2) [potion of
                  | mutation]
102865 | Zot:5    | Lost mutation: You have extremely sharp teeth. [potion of
                  | mutation]
102865 | Zot:5    | Gained mutation: Your body sometimes deteriorates upon
                  | taking damage. [potion of mutation]
102865 | Zot:5    | Gained mutation: You have a somewhat thin skeletal
                  | structure. (Dex +2, Stealth+) [potion of mutation]
102866 | Zot:5    | Lost mutation: You have a somewhat thin skeletal structure.
                  | (Dex +2, Stealth+) [potion of mutation]
102866 | Zot:5    | Lost mutation: Your body sometimes deteriorates upon taking
                  | damage. [potion of mutation]
102866 | Zot:5    | Gained mutation: You have a pair of small antennae on your
                  | head. [potion of mutation]
102867 | Zot:5    | Lost mutation: You have a pair of small antennae on your
                  | head. [potion of mutation]
102867 | Zot:5    | Gained mutation: You are frail. (-10% HP) [potion of
                  | mutation]
102868 | Zot:5    | Lost mutation: You are frail. (-10% HP) [potion of
                  | mutation]
102868 | Zot:5    | Gained mutation: You are robust. (+10% HP) [potion of
                  | mutation]
102868 | Zot:5    | Gained mutation: Your spells are a little harder to cast,
                  | but a little more powerful. [potion of mutation]
102868 | Zot:5    | Gained mutation: You passively dampen the noise of your
                  | surroundings. [potion of mutation]
103043 | Zot:5    | Noticed a dread lich
103056 | Zot:5    | Noticed an orb of fire
103056 | Zot:5    | Noticed an orb of fire
103064 | Zot:5    | Killed an orb of fire
103073 | Zot:5    | Killed an orb of fire
103158 | Zot:5    | Noticed an orb of fire
103158 | Zot:5    | Noticed an orb of fire
103164 | Zot:5    | Noticed an orb of fire
103168 | Zot:5    | Killed an orb of fire
103172 | Zot:5    | Killed an orb of fire
103173 | Zot:5    | Killed an orb of fire
103223 | Zot:5    | Got the Orb of Zot
103698 | D:$      | Escaped with the Orb!

Illustrated notes

Levels and vault maps discovered:
D:1:      reono_arrival_mine, layout_basic,
          dreamdust_ecumenical_altar_angels_and_demons
D:2:      layout_basic
D:3:      layout_basic, serial_shops, nicolae_shop_tiny_waterfront
D:4:      layout_basic, nicolae_gozag_zags_fifth_avenue,
          minmay_temple_entry_wispy
D:5:      layout_rooms, solitary_fountain, st_stairs_9, hangedman_decor_lopped,
          corexii_item_surrounded_by_moat, minmay_misc_feat_x
D:6:      layout_basic
D:7:      nicolae_BIG_FREAKIN_CUBE, layout_cave_pods, serial_shops, shop, shop,
          shop, shop, shop
D:8:      layout_loops_corners, grunt_lair_entry_orc_guard_hut,
          gammafunk_ghost_hydra_chop, enter_bailey_2
D:9:      layout_gridville, serial_glass, glass_columns_b, glass_columns_c,
          feat_on_display, uniq_harold
D:10:     layout_rooms, amcnicky_mini_pool_small
D:11:     layout_loops_corners, serial_rivers, chequers_serial_rivers_room_a,
          chequers_serial_rivers_micro_d, chequers_serial_rivers_room_b,
          chequers_serial_rivers_micro_b, chequers_serial_rivers_room_a,
          chequers_serial_rivers_small_a, minmay_circle_x, uniq_grum, uniq_snorg
D:12:     layout_loops_cross, david_orc_5,
          portal_ice_cave_entry_animals_and_master, serial_shops, shop,
          nicolae_shop_competitors_out_of_business, shop,
          nicolae_shop_tiny_real_fake_doors, shop, minmay_unpleasant_kobolds,
          uniq_lodul, uniq_jorgrun
D:13:     minmay_outward_triangles, layout_basic, special_room
          [special_room_orc]
D:14:     layout_rooms, david_vaults_2, cheibriados_altar_1,
          gammafunk_ghost_arena, nrook_mini_backslash
D:15:     gammafunk_depths_entry_grave, layout_irregular_city,
          kennysheep_treasure_room, uniq_rupert
Temple:   mainiacjoe_temple_starburst
Lair:1:   layout_hall_layers, gammafunk_ghost_hive, minivault_25, uniq_maggie,
          uniq_joseph, uniq_urug
Lair:2:   layout_gridlike, basic_altar, serial_bayou_crossing,
          infiniplex_staircase_pool_2
Lair:3:   layout_layer_cave, elwin_shoals_entry_rooms, dummy_spider_entry,
          serial_bayou_shore_b, uniq_gastronok
Lair:4:   layout_cave_pods, beast_lair_carwin_5
Lair:5:   minmay_lair_end_frog_pond, layout_gridlike,
          minmay_slime_entry_pillars, nicolae_lair_liquid_snakes,
          lemuel_fruit_tree
Shoals:1: layout_shoals, serial_shops, nicolae_book_shop_shelving
Shoals:2: layout_shoals, nzn_prometheus_bound
Shoals:3: cheibrodos_shoals_gigantism, layout_shoals, ebering_ghost_inner_flame
Shoals:4: shoals_end_hellmonk_storm_palace [storm_palace_center_square,
          storm_palace_corner_altar, storm_palace_corner_blocked,
          storm_palace_corner_altar, storm_palace_corner_grid]
Spider:1: cheibrodos_spider_deadly_dance
Spider:2: lemuel_spider_zombies, nicolae_spider_some_kinda_spiderbox
Spider:3: layout_cave_pods, nicolae_spider_world_wide_web
Spider:4: grunt_spider_rune_parallel, hellmonk_motheaten_closet, uniq_louise
Slime:1:  cheibrodos_slime_lost_civilization_10, layout_caves,
          cheibrodos_slime_lost_civilization_5
Slime:2:  layout_caves
Slime:3:  layout_caves, nicolae_slime_phagocytosis, uniq_dissolution
Slime:4:  layout_caves
Slime:5
Orc:1:    layout_caves, basic_altar, abandoned_shop,
          chequers_guarded_unrand_ignorance
Orc:2:    grunt_orc_community_town_hall, layout_caves,
          grunt_orc_community_big_house_1, grunt_orc_community_big_house_1,
          grunt_orc_community_house_2, grunt_orc_community_house_1,
          grunt_orc_community_house_1, grunt_orc_community_house_2,
          grunt_orc_community_house_2, serial_shops,
          nicolae_shop_advertising_works [nicolae_subvault_shop_adworks]
Elf:1:    layout_geoelf_octagon, minmay_elf_annihilation, uniq_kirke
Elf:2:    elven_hall_of_blades_hangedman_alternative
          [nicolae_blade_entry_area_security], layout_rooms, serial_shops,
          nicolae_shop_drivethru
Elf:3:    elf_hall, layout_gridlike, serial_sigils,
          serial_sigils_hangedman_scratch, serial_sigils_hangedman_writhe,
          serial_sigils_hangedman_gut, serial_sigils_hangedman_snap,
          serial_sigils_hangedman_shear, serial_sigils_hangedman_scar,
          serial_shops, nicolae_shop_temple_entry_statues_fountains, minivault_4
Vaults:1: nicolae_vaults_meiosis, vaults_dpeg_emergency_exit,
          hangedman_vaults_corner, v_misc_2, hangedman_vaults_trim,
          grunt_vaults_twisty, v_misc_3, nicolae_vaults_diagonal_hallway_6,
          ontoclasm_vaults_misaligned, ontoclasm_vaults_idyll,
          ontoclasm_vaults_fault, layout_vaults_omnibox, serial_shops, shop,
          uniq_donald
Vaults:2: hangedman_vaults_nails, vaults_room_octagon,
          nicolae_vaults_more_shelving_1, v_misc_3, ontoclasm_vaults_gateway,
          nicolae_vaults_corridor_and_loot_room,
          nicolae_vaults_layer_cake_slice, v_misc_27,
          nicolae_vaults_hallways_thing, hangedman_vaults_stretched_pinwheel,
          nicolae_vaults_tetromino_L_1, nicolae_vaults_apartment_2,
          nicolae_vaults_double_plus_1, hangedman_vaults_trim,
          nicolae_vaults_little_squares_6, layout_vaults_ring, serial_shops,
          nicolae_shop_tiny_waterfront, nicolae_shop_bloodbath_and_beyond,
          nicolae_diamond_shop, nicolae_diamond_shop, shop, uniq_jory
Vaults:3: nicolae_vaults_what_the_h, nicolae_vaults_heist, st_octagons_2,
          minmay_crypt_entry_simple_box, vaults_room_fours, grunt_vaults_focal,
          nicolae_vaults_double_plus_2, nicolae_vaults_storage_room_doors,
          hangedman_vaults_snaps, vaults_dpeg_hooks,
          nicolae_vaults_tetromino_L_1, layout_vaults_omnigrid
Vaults:4: infiniplex_enter_wizlab_glasses, nicolae_vaults_three_branches,
          v_rooms_4, st_check, nicolae_vaults_network_s,
          nicolae_vaults_storage_room_glass, nicolae_vaults_storage_closets_2,
          nicolae_vaults_doubleplus_tesselated, vaults_room_pool,
          vaults_room_semicircle, hangedman_vaults_variations,
          layout_vaults_big_room
Vaults:5
Crypt:1:  minmay_shadows, layout_gridlike, weyrava_vampire_temple,
          grunt_megastairs_4
Crypt:2:  gammafunk_sealed_arena, layout_misc_corridors, hellmonk_scarab_ruin,
          uniq_josephina, uniq_boris
Crypt:3:  grunt_crypt_end_deaths_head, uniq_frederick
Tomb:1
Tomb:2
Tomb:3
Depths:1: layout_gridlike, nicolae_twisting_strands, grunt_mini_vestibule,
          minmay_misc_feat_four_crosses, minmay_misc_feat_more_columns,
          grunt_ministairs_7, led_xom_imps, serial_bayou_shore_a
Depths:2: minmay_the_grid_ultimate [minmay_the_grid_prize_four_corners,
          minmay_the_grid_prize_four_corners_diamond_b,
          minmay_the_grid_prize_inner_circle, minmay_the_grid_prize_trominoes,
          minmay_the_grid_square_5x5_mess,
          minmay_the_grid_square_5x5_checkered_statues,
          minmay_the_grid_square_5x5_pentomino_r,
          minmay_the_grid_square_5x5_three,
          minmay_the_grid_square_5x5_almost_minimal,
          minmay_the_grid_square_5x5_gyroscope,
          minmay_the_grid_square_5x5_inverted_slash,
          minmay_the_grid_square_5x5_two,
          minmay_the_grid_square_5x5_half_checkered,
          minmay_the_grid_square_5x5_trominoes,
          minmay_the_grid_square_5x5_detours,
          minmay_the_grid_square_5x5_moneybag,
          minmay_the_grid_square_5x5_spiral_small,
          minmay_the_grid_square_5x5_empty, minmay_the_grid_square_5x5_v,
          minmay_the_grid_triangle_9x9_stretched_checkered,
          minmay_the_grid_triangle_9x9_thin_v,
          minmay_the_grid_triangle_9x9_alien,
          minmay_the_grid_triangle_9x9_intruding_spiral,
          minmay_the_grid_triangle_9x9_warning,
          minmay_the_grid_triangle_9x9_cache,
          minmay_the_grid_triangle_9x9_pentomino_pain,
          minmay_the_grid_triangle_9x9_zippers_horizontal,
          minmay_the_grid_triangle_9x9_descending_squares,
          minmay_the_grid_triangle_9x9_from_above,
          minmay_the_grid_triangle_9x9_impossible_snake,
          minmay_the_grid_triangle_9x9_semitri,
          minmay_the_grid_triangle_9x9_corrupted_corridor,
          minmay_the_grid_triangle_9x9_shrine,
          minmay_the_grid_triangle_9x9_swiss_cheese,
          minmay_the_grid_triangle_9x9_fully_insulated_deathbox,
          minmay_the_grid_square_5x5_fancy_junction,
          minmay_the_grid_octo_clover, minmay_the_grid_octo_fan_narrow,
          minmay_the_grid_octo_fat_diamond, minmay_the_grid_octo_empty,
          minmay_the_grid_octo_thin_diamonds, minmay_the_grid_octo_horde,
          minmay_the_grid_octo_77, minmay_the_grid_octo_toaster,
          minmay_the_grid_garden, minmay_the_grid_dragon_b,
          minmay_the_grid_broken_lines, minmay_the_grid_empty], pan_entry,
          hell_entry, uniq_grunn, uniq_asterion
Depths:3: nicolae_whirlpool, layout_honeycomb, hell_entry, nicolae_eternal_life,
          abyss_entry_flame_altar, serial_sigils_hangedman_quiver,
          infiniplex_staircase_x, serial_bayou_shore_b, minmay_shop_grove
Depths:4: grunt_crosshair, layout_basic, enter_ziggurat_e,
          pf_hell_entry_tar_river, minmay_crystal_water, kennysheep_flooded_box,
          minmay_misc_feat_room
Hell
Dis:1:    layout_gridville, minmay_strange_pillars
Dis:2:    layout_subdivisions
Dis:3:    layout_gridville
Dis:4:    layout_subdivisions
Dis:5:    layout_subdivisions
Dis:6:    layout_gridville, nicolae_dis_distal_crystal
Dis:7:    dis_st
Geh:1:    nicolae_geh_seventh_circle, layout_gehenna_pools_basic
Geh:2:    layout_gehenna_pools_basic
Geh:3:    layout_gehenna_lava_caves
Geh:4:    layout_gehenna_pools_basic, nicolae_geh_fiery_graves
          [nicolae_geh_single_fiery_grave, nicolae_geh_single_fiery_grave,
          nicolae_geh_single_fiery_grave, nicolae_geh_single_fiery_grave,
          nicolae_geh_single_fiery_grave, nicolae_geh_single_fiery_grave,
          nicolae_geh_single_fiery_grave, nicolae_geh_single_fiery_grave,
          nicolae_geh_single_fiery_grave]
Geh:5:    layout_gehenna_lava_caves
Geh:6:    layout_gehenna_pools_basic
Geh:7:    geh_grunt_pentagon
Coc:1:    layout_cocytus_delve
Coc:2:    layout_cocytus_delve
Coc:3:    layout_cocytus_water_paths
Coc:4:    layout_ice_bergs
Coc:5:    layout_cocytus_water_paths
Coc:6:    layout_cocytus_water_paths
Coc:7:    coc_old
Tar:1:    layout_catacombs
Tar:2:    layout_honeycomb, nicolae_hells_leichenhalle
Tar:3:    layout_catacombs, nicolae_tar_cuneiform_two
Tar:4:    layout_cathedral_of_symmetry, nicolae_tar_cuneiform_oil
Tar:5:    layout_cathedral_of_symmetry
Tar:6:    nicolae_tar_tart_auras, layout_cathedral_of_symmetry,
          nicolae_tar_cuneiform_oil, nicolae_tar_cuneiform_two
Tar:7:    tar_grunt_cathedral
Zot:1:    layout_concentric_octagons, st_stairs_12
Zot:2:    layout_basic
Zot:3:    layout_misc_corridors
Zot:4:    layout_cellular_growth
Zot:5:    layout_misc_corridors

Skill      XL: |  1  2  3  4  5  6  7  8  9 10 11 12 13 14 15 16 17 18 19 20 21 22 23 24 25 26 27 |
---------------+----------------------------------------------------------------------------------+-----
Conjurations   | 2 3 4 5 6 7 8 9 10 11 12 13 14 15 16 26 | 26.1
Spellcasting   | 5 6 7 8 9 10 11 12 13 14 15 16 17 18 19 27 | 27.0
Invocations    | 1 2 3 4 5 7 9 10 11 12 13 14 15 16 17 18 19 20 27 | 27.0
Fighting       | 1 2 3 5 6 7 8 9 10 11 12 13 14 15 16 17 18 27 | 27.0
Short Blades   | 1 2 3 5 6 7 8 9 10 11 12 13 14 15 16 17 18 27 | 27.0
Long Blades    | 1 2 3 5 6 7 8 9 10 11 12 13 14 15 16 17 18 27 | 27.0
Axes           | 1 2 3 5 6 7 8 9 10 11 12 13 14 15 16 17 18 27 | 27.0
Maces & Flails | 1 2 3 5 6 7 8 9 10 11 12 13 14 15 16 18 19 20 27 | 27.0
Polearms       | 1 2 3 5 6 7 8 9 10 11 12 13 14 15 16 17 18 27 | 27.0
Staves         | 1 2 3 5 6 7 8 9 10 11 12 13 14 15 16 17 18 27 | 27.0
Ranged Weapons | 1 2 3 5 6 7 8 9 10 11 12 13 14 15 16 17 18 27 | 27.0
Throwing       | 1 2 3 5 6 7 8 9 10 11 12 13 14 15 16 17 18 27 | 27.0
Armour         | 1 2 3 5 6 7 8 9 10 11 12 13 14 15 16 17 18 27 | 27.0
Shields        | 1 2 3 5 6 7 8 9 10 11 12 13 14 15 16 17 18 27 | 27.0
Unarmed Combat | 1 2 3 5 6 7 8 9 10 11 12 13 14 15 16 17 18 27 | 27.0
Evocations     | 1 2 3 5 6 7 8 9 10 11 12 13 14 15 16 17 18 27 | 27.0
Hexes          | 1 2 3 4 5 6 7 8 9 10 11 12 13 14 15 26 | 26.0
Summonings     | 1 2 3 4 5 6 7 8 9 10 11 12 13 14 15 26 | 26.0
Necromancy     | 1 2 3 4 5 6 7 8 9 10 11 12 13 14 15 27 | 27.0
Translocations | 1 2 3 4 5 6 7 8 9 10 11 12 13 14 15 26 | 26.0
Transmutations | 1 2 3 4 5 6 7 8 9 10 11 12 13 14 15 26 | 26.0
Fire Magic     | 1 2 3 4 5 6 7 8 9 10 11 12 13 14 15 26 | 26.0
Ice Magic      | 1 2 3 4 5 6 7 8 9 10 11 12 13 14 15 26 | 26.0
Earth Magic    | 1 2 3 4 5 6 7 8 9 10 11 12 13 14 15 26 | 26.0
Poison Magic   | 1 2 3 4 5 6 7 8 9 10 11 12 13 14 15 26 | 26.0
Dodging        | 5 6 8 9 10 11 13 14 15 16 17 19 20 21 22 23 27 | 27.0
Stealth        | 5 6 7 8 9 10 11 12 13 14 15 16 17 18 19 27 | 27.0
Air Magic      | 6 7 8 9 10 11 12 13 14 15 16 26 | 26.4

Action                     |  1- 3 |  4- 6 |  7- 9 | 10-12 | 13-15 | 16-18 | 19-21 | 22-24 | 25-27 || total
---------------------------+-------+-------+-------+-------+-------+-------+-------+-------+-------++-------
  Melee: Unarmed           |    12 |       |       |       |       |       |       |       |       ||    12
         Falchion          |    44 |   131 |       |       |       |       |       |       |       ||   175
         Bite              |     2 |    18 |    15 |    69 |   216 |   301 |   331 |   397 |  1281 ||  2630
         Punch             |     1 |     2 |       |       |       |       |       |       |       ||     3
         Mace              |       |    24 |    57 |       |       |       |       |       |       ||    81
         Dagger            |       |       |   142 |   450 |   372 |       |       |       |       ||   964
         Short sword       |       |       |       |       |   889 |  1523 |  1425 |  1529 |  1610 ||  6976
         Staff             |       |       |       |       |       |       |       |       |  3752 ||  3752
   Cast: Shock             |    31 |    54 |   152 |    18 |    54 |       |       |       |       ||   309
         Frozen Ramparts   |       |       |     2 |    30 |    39 |    57 |    17 |    28 |    10 ||   183
         Airstrike         |       |       |       |     9 |    72 |    68 |    17 |    53 |     1 ||   220
         Mephitic Cloud    |       |       |       |     7 |    25 |     7 |    12 |     8 |     6 ||    65
         Summon Ice Beast  |       |       |       |     2 |     4 |       |       |       |       ||     6
         Petrify           |       |       |       |     2 |       |       |       |       |       ||     2
         Borgnjor's Vile C |       |       |       |       |    54 |   148 |   232 |   119 |   217 ||   770
         Dispel Undead     |       |       |       |       |     2 |     7 |    16 |    29 |   290 ||   344
         Ozocubu's Refrige |       |       |       |       |       |    43 |    19 |    86 |    91 ||   239
         Sublimation of Bl |       |       |       |       |       |       |     6 |    32 |   123 ||   161
         Spellforged Servi |       |       |       |       |       |       |     7 |    31 |    62 ||   100
         Statue Form       |       |       |       |       |       |       |     1 |     3 |    13 ||    17
         Orb of Destructio |       |       |       |       |       |       |     9 |    33 |    65 ||   107
         Ozocubu's Armour  |       |       |       |       |       |       |     4 |    35 |    37 ||    76
         Polar Vortex      |       |       |       |       |       |       |       |       |   453 ||   453
         Necromutation     |       |       |       |       |       |       |       |       |   197 ||   197
         Lehudib's Crystal |       |       |       |       |       |       |       |       |   147 ||   147
         Ignition          |       |       |       |       |       |       |       |       |   129 ||   129
         Shatter           |       |       |       |       |       |       |       |       |    59 ||    59
 Invoke: Curse Item        |       |       |     4 |     4 |     3 |     3 |     1 |       |     6 ||    21
         Shatter the Chain |       |       |       |       |     3 |     2 |     1 |     2 |     3 ||    11
Ability: End Transformatio |       |       |       |       |       |       |       |     1 |     9 ||    10
  Evoke: Wand              |       |       |       |       |       |     2 |       |     2 |     4 ||     8
    Use: Potion            |       |     2 |       |     4 |       |       |     4 |    10 |    35 ||    55
         Scroll            |       |       |     8 |     1 |     2 |    11 |     3 |     5 |    21 ||    51
   Stab: Sleeping          |     5 |     6 |     4 |    12 |    38 |    33 |    27 |    69 |   100 ||   294
         Distracted        |       |       |     1 |     1 |     7 |     6 |     7 |    13 |    89 ||   124
         Invisible         |       |       |       |     3 |       |       |       |       |     4 ||     7
         Confused          |       |       |       |     9 |    29 |     8 |     4 |    10 |     6 ||    66
 Armour: Robe              |     9 |     2 |       |       |       |       |       |       |       ||    11
         Ring mail         |       |    70 |    85 |       |       |       |       |       |       ||   155
         Troll leather arm |       |       |     8 |    78 |   171 |   364 |   253 |   306 |   920 ||  2100
         Skin              |       |       |       |       |       |       |       |     3 |    47 ||    50
  Dodge: Dodged            |    40 |   121 |   123 |   212 |   568 |  1103 |   699 |   893 |  3810 ||  7569
  Block: Buckler           |       |     8 |    66 |   124 |   409 |   801 |   502 |   676 |  1442 ||  4028
         Kite shield       |       |       |       |       |       |       |       |       |  2779 ||  2779

Table legend: (Time is in decaauts)
 A = Elapsed time spent in this place.
 B = Non-inter-level travel time spent in this place.
 C = Inter-level travel time spent in this place.
 D = Time resting spent in this place.
 E = Time spent auto-exploring this place.
 F = Levels seen in this place.
 G = Mean time per level.
                   A        B        C        D        E       F      G
               +--------+--------+--------+--------+--------+-----+--------+
         Total |  99751 |  89980 |   9771 |   5003 |  49298 | 137 |  728.1 |
       Dungeon |  17802 |  14590 |   3212 |    829 |  10046 |  15 | 1186.8 |
        Temple |    655 |    601 |     54 |      0 |    535 |   1 |  655.0 |
          Lair |   5598 |   4850 |    748 |    118 |   3322 |   5 | 1119.6 |
        Shoals |   3530 |   3356 |    174 |    101 |   1899 |   4 |  882.5 |
   Spider Nest |   4508 |   4316 |    192 |    351 |   1553 |   4 | 1127.0 |
    Slime Pits |   4331 |   3934 |    397 |    428 |   2022 |   5 |  866.2 |
  Orcish Mines |   1825 |   1630 |    195 |      0 |   1063 |   2 |  912.5 |
   Elven Halls |   3045 |   2909 |    136 |    153 |   1793 |   3 | 1015.0 |
        Vaults |   6600 |   6005 |    595 |      8 |   3975 |   5 | 1320.0 |
         Crypt |   4458 |   4044 |    414 |    308 |   1972 |   3 | 1486.0 |
          Tomb |   2992 |   2670 |    322 |    112 |   1287 |   3 |  997.3 |
        Depths |   8505 |   7044 |   1461 |    548 |   3691 |   4 | 2126.2 |
          Hell |   1254 |   1090 |    164 |    364 |    241 |   1 | 1254.0 |
           Dis |   4138 |   3677 |    461 |    159 |   1819 |   7 |  591.1 |
       Gehenna |   3140 |   2964 |    176 |    233 |    990 |   7 |  448.6 |
       Cocytus |   2417 |   2130 |    287 |    159 |   1024 |   7 |  345.3 |
      Tartarus |   3934 |   3671 |    263 |    171 |   2099 |   7 |  562.0 |
           Zot |   5306 |   4791 |    515 |    268 |   2840 |   5 | 1061.2 |
         Abyss |    746 |    746 |      0 |      0 |      9 |   3 |  248.7 |
   Pandemonium |  11811 |  11811 |      0 |    497 |   6432 |  21 |  562.4 |
      Ziggurat |   1337 |   1337 |      0 |     90 |     65 |  22 |   60.8 |
        Bailey |    486 |    486 |      0 |      0 |    135 |   1 |  486.0 |
      Ice Cave |    901 |    901 |      0 |    105 |    390 |   1 |  901.0 |
        Wizlab |    422 |    422 |      0 |      0 |     89 |   1 |  422.0 |
               +--------+--------+--------+--------+--------+-----+--------+

Top non-repeatable levels by time:
Depths:2: 3421 daAuts
   Dis:7: 2219 daAuts
Depths:3: 1949 daAuts
 Crypt:3: 1903 daAuts
   Tar:7: 1745 daAuts
  Tomb:1: 1641 daAuts
Vaults:3: 1639 daAuts
Depths:1: 1614 daAuts
   Geh:7: 1607 daAuts
     D:8: 1600 daAuts
   Zot:1: 1553 daAuts
Spider:4: 1548 daAuts
 Crypt:1: 1540 daAuts
Depths:4: 1520 daAuts
     D:5: 1432 daAuts
